 Dungeon Crawl Stone Soup version 0.31-a0-167-g1c394c0614 (webtiles) character file.

Game seed: 5413977556010731413

437713 qw the Slayer (level 23, 0/162 HPs)
             Began as a Gargoyle Fighter on June 14, 2023.
             Was a Priest of Okawaru.
             Slain by a golden dragon (15 damage)
             ... on level 1 of the Realm of Zot.
             The game lasted 00:32:24 (46354 turns).

qw the Slayer (Gargoyle Fighter)                   Turns: 46354, Time: 00:32:24

Health: 0/162      AC: 45    Str: 32    XL:     23   Next: 70%
Magic:  30/30      EV: 21    Int:  7    God:    Okawaru [***...]
Gold:   3309       SH: 29    Dex: 14    Spells: 22/22 levels left

rFire   + . .        h - +7 broad axe of Mutilation {speed, Will+++ Str-2 Int-3 Dex+5}
rCold   + + +        j - +7 tower shield "Sinot" {Int+3}
rNeg    + + .        I - +0 pearl dragon scales of a bailey {rC+ rN+ Will+ Regen+ Str+4 Stlth+}
rPois   inf          T - +2 helmet {SInv}
rElec   +            u - scarf {repulsion}
rCorr   .            C - +0 pair of gloves of Greater Demons {Drain rF+ rC+++ Int-3}
SInv    +            D - +2 pair of boots
Will    +++++        g - amulet "Wuegiysk" {Faith Regen+ Str+2 Stlth+}
Stlth   ++           i - +5 ring of evasion
HPRegen 2.07/turn    Q - +5 ring of evasion
MPRegen 0.22/turn

%: repel missiles, faith
@: about to teleport, flying, constricted
A: sickness immunity, AC +17, big wings, negative energy resistance 1,
electricity resistance, torment resistance 1, petrification resistance, dopey 1,
MP-powered wands
}: 3/15 runes: barnacled, silver, gossamer
a: Renounce Religion, Heroism


You were on level 1 of the Realm of Zot.
You worshipped Okawaru.
Okawaru was most pleased with you.
You visited 9 branches of the dungeon, and saw 41 of its levels.
You also visited: Gauntlet.

You collected 7483 gold pieces.
You spent 4174 gold pieces at shops.


Innate Abilities, Weirdness & Mutations

You are immune to sickness and miasma.
Your stone body is resilient. (AC +17)
You are immune to poison.
Your large and strong wings let you fly.
You resist negative energy. (rN+)
You are resistant to electric shocks. (rElec)
You are resistant to unholy torment.
You are immune to petrification.
You are dopey. (Int -2)
You expend magic power (3 MP) to strengthen your wands.


   Skills:
 - Level 22.0 Fighting
 - Level 18.0 Axes
 - Level 12.0 Throwing
 - Level 19.0 Armour
 - Level 10.0 Dodging
 + Level 21.3 Shields
 - Level 10.0 Invocations


You had 22 spell levels left.
You didn't know any spells.
Your spell library was empty.

Inventory:

Hand Weapons
 h - the +7 broad axe of Mutilation (weapon) {speed, Will+++ Str-2 Int-3 Dex+5}
   (Okawaru gifted it to you on level 4 of the Shoals)

   Str:       It affects your strength (-2).
   Int:       It affects your intelligence (-3).
   Dex:       It affects your dexterity (+5).
   Will:      It greatly increases your willpower.
 r - a +5 vampiric broad axe
 B - a +9 broad axe of venom
Missiles
 k - 6 silver javelins (quivered)
 w - 32 boomerangs
 A - 31 javelins
 M - a boomerang of dispersal
Armour
 c - a scarf of resistance
 j - the +7 tower shield "Sinot" (worn) {Int+3}
   (Okawaru gifted it to you on level 3 of the Vaults)

   Int:       It affects your intelligence (+3).
 l - a +1 cloak
 u - a scarf of repulsion (worn)
 y - the +6 scale mail of Insatiable Hunger {-Cast rElec rF+++ Regen+}
   (You found it in a Gauntlet)

   rF:        It renders you almost immune to fire.
   rElec:     It insulates you from electricity.
   -Cast:     It prevents spellcasting.
   Regen:     It increases your rate of health regeneration.
 C - the +0 pair of gloves of Greater Demons (worn) {Drain rF+ rC+++ Int-3}
   (You found it on level 4 of the Shoals)

   Int:       It affects your intelligence (-3).
   rF:        It protects you from fire.
   rC:        It renders you almost immune to cold.
   Drain:     It drains your maximum health when unequipped.
 D - a +2 pair of boots (worn)
 E - a +2 pair of gloves of strength
 I - the +0 pearl dragon scales of a bailey (worn) {rC+ rN+ Will+ Regen+ Str+4 Stlth+}
   (You acquired it on level 2 of the Vaults)

   Str:       It affects your strength (+4).
   rC:        It protects you from cold.
   rN:        It protects you from negative energy.
   Regen:     It increases your rate of health regeneration.
   Will:      It increases your willpower.
   Stlth:     It makes you more stealthy.
 J - the +2 pair of gloves of Okawaru's Favour {Harm rC- rCorr Dex+3}
   (You found it on level 15 of the Dungeon)

   Dex:       It affects your dexterity (+3).
   rC:        It makes you vulnerable to cold.
   rCorr:     It protects you from acid and corrosion.
   Harm:      It increases damage dealt and taken.
 R - the +0 kite shield "Baunayrch" {rCorr Int+4 Dex-2 Stlth+}
   (You acquired it on level 5 of the Vaults)

   Int:       It affects your intelligence (+4).
   Dex:       It affects your dexterity (-2).
   rCorr:     It protects you from acid and corrosion.
   Stlth:     It makes you more stealthy.
 T - a +2 helmet of see invisible (worn)
Jewellery
 g - the amulet "Wuegiysk" (around neck) {Faith Regen+ Str+2 Stlth+}
   (You bought it in a shop on level 7 of the Dungeon)

   [amulet of faith]

   It allows you to gain divine favour quickly.
   Str:       It affects your strength (+2).
   Regen:     It increases your rate of health regeneration.
   Stlth:     It makes you more stealthy.
 i - a +5 ring of evasion (left hand)
 n - a ring of resist corrosion
 G - the ring "Conn" {rPois rF+}
   (You found it on level 15 of the Dungeon)

   [ring of poison resistance]

   rF:        It protects you from fire.
   rPois:     It protects you from poison.
 H - the ring of Zodofut {*Slow rC+ Will+ Str+3}
   (You found it on level 15 of the Dungeon)

   [ring of willpower]

   Str:       It affects your strength (+3).
   rC:        It protects you from cold.
   *Slow:     It may slow you when you take damage.
   Will:      It increases your willpower.
 K - a ring of protection from fire
 O - the ring of Fatigue {*Slow rC+ rCorr Int+3}
   (You found it on level 2 of the Depths)

   [ring of protection from cold]

   Int:       It affects your intelligence (+3).
   rC:        It protects you from cold.
   rCorr:     It protects you from acid and corrosion.
   *Slow:     It may slow you when you take damage.
 Q - a +5 ring of evasion (right hand)
 U - a ring of protection from cold
Wands
 F - a wand of digging (9)
Scrolls
 f - 19 scrolls of teleportation
 p - 3 scrolls of brand weapon
 t - 9 scrolls of identify
 N - 2 scrolls of enchant weapon
 P - 4 scrolls of enchant armour
Potions
 a - 12 potions of heal wounds
 b - 5 potions of attraction
 d - 11 potions of might
 e - 6 potions of resistance
 m - 5 potions of mutation
 o - 14 potions of lignification
 s - 24 potions of curing
 v - 4 potions of cancellation
 z - 6 potions of magic
 L - 4 potions of haste

Dungeon Overview and Level Annotations

Branches:
Dungeon (15/15)            Temple (1/1) D:5            Lair (5/5) D:11
 Shoals (4/4) Lair:2       Spider (4/4) Lair:3        Slime (0/5) Lair:4
    Orc (2/2) D:9             Elf (0/3) Orc:2        Vaults (5/5) D:14
  Crypt (0/3) Vaults:3     Depths (4/4) D:15            Zot (1/5) Depths:4
Gauntlet (visited)

Altars:
Ashenzari
Cheibriados
Dithmenos
Elyvilon
Fedhas
Gozag
Hepliaklqana
Kikubaaqudgha
Makhleb
Nemelex Xobeh
Okawaru
Qazlal
Ru
Sif Muna
Trog
Uskayaw
Vehumet
Wu Jian
Xom
Yredelemnul
Zin
The Shining One
Jiyva
Lugonu

Shops:
D:1 !?[*   D:2 *   D:3 ?   D:7 =   D:14 [   D:15 !(?   Orc:2 !(::   Vaults:1 (
Vaults:4 [   Depths:2 ?

Portals:
Hell: Depths:1 Depths:2* Depths:3 Depths:4
Abyss: Depths:2 Depths:3 Depths:4
Pandemonium: Depths:2
Ziggurat: Depths:3

Annotations:
D:2 exclusion: 5 hobgoblins
D:4 2 transporters, qw's ghost, amateur NaHu
D:5 exclusions: 21 gnolls and gnoll bouda
D:15 2 transporters
Lair:3 exclusions: jumping spider and redback
Lair:4 2 transporters, qw's ghost, journeyman GrFi
Shoals:1 1 runed translucent door
Spider:3 2 transporters, qw's ghost, adept GrFi
Depths:1 1 runed translucent door, qw's ghost, veteran GrFi
Depths:4 3 runed translucent doors, qw's ghost, veteran GrHu


Message History

You closely miss the green draconian. You hit the green draconian.
The purple draconian is no longer berserk.
The red draconian rages.
The purple draconian barely misses you.
You block the green draconian's attack. x2
The tentacled monstrosity completely misses you.
You block the tentacled monstrosity's attack. x2
The tentacled monstrosity constricts you.
The golden dragon misses you. The golden dragon claws you.
The golden dragon misses you.
The green draconian is engulfed in blazing flames.
The green draconian completely misses you.
The green draconian barely misses you.
46353 ||| READING 20 scrolls of teleportation.
As you read the scroll of teleportation, it crumbles to dust.
You feel strangely unstable.
You feel the Orb delaying your translocation!
You feel like a meek peon again.
The purple draconian closely misses you.
You block the tentacled monstrosity's attack. x2
The tentacled monstrosity completely misses you.
The tentacled monstrosity constricts you.
The green draconian hits you with a +0 scimitar!
The green draconian tail-slaps you but does no damage.
The golden dragon barely misses you. You block the golden dragon's attack.
The golden dragon tramples you but does no damage.
The green draconian is engulfed in blazing flames.
The green draconian completely misses you.
You block the green draconian's attack.
A moth of wrath comes into view.
A purple draconian shifter comes into view.
It is wielding a +0 whip.
The purple draconian misses you.
46354 ||| DRINKING 13 potions of heal wounds.
You feel much better.
You block the tentacled monstrosity's attack.
The tentacled monstrosity tentacle-slaps you!
The tentacled monstrosity closely misses you.
The tentacled monstrosity constricts you.
The golden dragon bites you!! You block the golden dragon's attack.
The golden dragon tramples you!
You die...

. .. # ### #...
...##.#.###..#..
.....q.dXDy9....
#......#@ddy....
#......##qqd....
...9..D dq.q..!
....... y.q....
#....## .......
#.... .q.....
#.... ..#....
...q..#


You could see an electric golem, a tentacled monstrosity (berserk), a golden
dragon (berserk), a yellow draconian (berserk), 2 draconians, 2 draconians, 4
draconians, 2 draconians, 2 draconians and 3 moths of wrath.

Vanquished Creatures
  2 ancient liches
  Mara (Shoals:4)
  Vv (Depths:2)
  Bai Suzhen (Spider:3)
  Sojobo (Depths:2)
  Saint Roka (Depths:2)
  3 caustic shrikes (Depths:4)
  5 golden dragons
  Jorgrun (Shoals:1)
  3 liches
  2 quicksilver dragons
  4 tentacled monstrosities
  3 deep elf blademasters (Depths:2)
  Polyphemus (Shoals:3)
  6 titans
  8 sphinxes
  10 tengu reavers
  A death cob (Zot:1)
  Ilsuiw (Shoals:2)
  Donald (Spider:3)
  5 shadow dragons
  3 storm dragons
  Kirke (Spider:3)
  Roxanne (Shoals:3)
  A draconian monk (Depths:4)
  6 frost giants
  2 deep elf sorcerers (Vaults:5)
  8 fire giants
  5 ghost moths
  15 vault wardens
  4 emperor scorpions (Spider:4)
  An orc warlord (Vaults:2)
  A draconian scorcher (Depths:4)
  A draconian stormcaller (Zot:1)
  14 ironbound preservers
  2 broodmothers (Spider:4)
  2 formless jellyfish
  8 ironbound thunderhulks
  2 spriggan defenders
  23 very ugly things
  3 war gargoyles
  A draconian annihilator (Zot:1)
  A vampire knight (Depths:3)
  9 stone giants
  7 dire elephants
  4 minotaurs
  2 white draconians (Zot:1)
  A deep elf annihilator (Vaults:5)
  3 yellow draconians
  3 red draconians (Depths:4)
  3 spark wasps
  3 crystal guardians (Vaults:4)
  3 entropy weavers
  2 merfolk javelineers
  21 ettins
  18 yaktaur captains
  2 merfolk impalers
  6 great orbs of eyes
  6 fire dragons
  3 deep elf high priests (Vaults:5)
  5 hydras
  4 ogre magi
  Erolcha (Orc:1)
  3 rakshasas
  5 ice dragons
  38 vault guards
  6 spriggan air magi
  4 peacekeepers
  2 salamander tyrants (D:15)
  5 catoblepae
  3 radroaches
  A spriggan skeleton (Depths:1)
  Erica (D:8)
  4 merfolk avatars
  An alligator snapping turtle (Shoals:1)
  2 dancing weapons (D:14)
  3 deep troll earth magi
  5 ironbound frosthearts
  9 satyrs (Shoals:4)
  5 demonic crawlers
  8 boulder beetles
  3 tengu warriors
  3 merfolk aquamancers
  9 centaur warriors
  2 deep troll shamans
  2 death knights (Vaults:3)
  7 two-headed ogres
  A satyr (shapeshifter) (D:15)
  12 death yaks
  11 orc high priests
  2 deep elf knights (Vaults:5)
  5 spriggan berserkers
  9 hell knights
  2 skysharks
  8 spriggans
  9 sea snakes
  7 pharaoh ants
  31 deep trolls
  2 iron trolls (Depths:4)
  3 skeletal warriors (D:15)
  12 steelbarb worms
  2 flayed ghosts (Depths:3)
  4 glowing orange brains
  6 ironbound convokers
  5 orb spiders
  2 deep elf pyromancers
  3 lindwurms
  7 wizards
  2 orc sorcerers
  30 harpies
  7 orc knights
  4 phantasmal warriors
  A deep elf zephyrmancer (D:15)
  An iron dragon zombie (Depths:1)
  16 wolf spiders
  8 necromancers
  13 fauns
  11 cyclopes
  20 manticores
  8 salamanders (D:15)
  27 ugly things
  20 slime creatures
  An elephant (shapeshifter) (Vaults:5)
  10 moths of wrath
  A worldbinder (Gauntlet)
  A manticore (shapeshifter) (Vaults:5)
  14 elephants (Lair:5)
  14 merfolk sirens
  17 cane toads
  A frost giant skeleton (Vaults:5)
  6 water nymphs
  10 black mambas
  An orange demon (Depths:2)
  23 vault sentinels
  A gargoyle (D:13)
  7 torpor snails
  5 kobold demonologists
  Maggie (D:8)
  32 yaktaurs
  9 rime drakes
  4 freezing wraiths
  15 komodo dragons
  2 efreet (D:15)
  A tengu conjurer (Depths:3)
  2 meliai (D:15)
  22 merfolk
  4 wind drakes
  18 tarantellas
  Grinder (D:2)
  A meliai (shapeshifter) (D:15)
  2 polar bears
  A polar bear (shapeshifter) (D:15)
  A blink frog (shapeshifter) (Vaults:5)
  5 blink frogs
  10 hornets
  5 trolls
  A tarantella (shapeshifter) (D:13)
  Prince Ribbit (D:8)
  5 dream sheep
  10 snapping turtles
  14 jumping spiders
  16 culicivoras
  13 water elementals
  5 shadows
  50 yaks
  3 hogs (Spider:3)
  A wyvern (Lair:4)
  A wraith (Vaults:3)
  4 basilisks
  A human (Spider:3)
  2 steam dragons (D:9)
  51 redbacks
  7 vampire mosquitoes
  An elf skeleton (Vaults:5)
  12 wargs
  A yaktaur simulacrum (Vaults:5)
  A human zombie (Depths:1)
  A swamp worm (shapeshifter) (Depths:1)
  2 floating eyes (D:15)
  2 hell hounds (Lair:1)
  15 water moccasins
  A swamp drake (D:9)
  2 black bears
  3 ice beasts
  29 orc warriors
  A sky beast (D:8)
  3 boggarts (Gauntlet)
  11 wolves
  8 ogres
  10 centaurs
  2 phantoms
  4 kobold brigands
  15 bullfrogs
  A gnoll sergeant (D:5)
  2 scorpions (D:5)
  A glowing shapeshifter simulacrum (Depths:1)
  3 howler monkeys
  An electric eel (Lair:1)
  33 orc priests
  4 jellies
  A gnoll bouda (D:5)
  7 hounds
  2 iguanas (D:5)
  2 sleepcaps
  Natasha (twice) (D:2)
  16 orc wizards
  10 gnolls
  5 adders
  A shadow imp (D:8)
  A white imp (D:5)
  3 ufetubi (D:6)
  5 worms
  3 dart slugs
  119 orcs
  7 endoplasms
  3 giant cockroaches (D:1)
  6 goblins
  7 hobgoblins
  5 jackals (D:5)
  5 quokkas
  3 ball pythons (D:2)
  5 bats
  4 frilled lizards
  27 kobolds
  4 rats
1569 creatures vanquished.

Vanquished Creatures (others)
  A deep elf knight (Vaults:5)
  An ugly thing (Vaults:1)
  A yaktaur (Vaults:1)
  2 slime creatures (Vaults:1)
  A redback (Spider:4)
6 creatures vanquished.

Grand Total: 1575 creatures vanquished

Notes
Turn   | Place    | Note
-------+----------+-------------------------------------------
     0 | D:1      | qw the Gargoyle Fighter began the quest for the Orb.
     0 | D:1      | Reached XP level 1. HP: 14/14 MP: 1/1
     0 | D:1      | 0 ||| qw: Version: 0.2-a-29-g1fa15c8
     0 | D:1      | 0 ||| qw: Game counter: 4978
     0 | D:1      | 0 ||| qw: Always use a shield: true
     0 | D:1      | 0 ||| qw: God list: Okawaru
     0 | D:1      | 0 ||| qw: Allow faded altars: false
     0 | D:1      | 0 ||| qw: Do Orc after D:15 true
     0 | D:1      | 0 ||| qw: Do second Lair branch before Depths: true
     0 | D:1      | 0 ||| qw: Lair rune preference: random
     0 | D:1      | 0 ||| qw: Plans: Normal, Zot:1-4, Slime:5, God:TSO, Crypt,
                  | Tomb, Abyss, Pan, Hells, Win
     0 | D:1      | 0 ||| PLANNING D:1-11
    10 | D:1      | Found Judiferph's Distillery.
    27 | D:1      | 27 ||| SHOPLISTING 2 potions of heal wounds (120 gold, have
                  | 0).
    27 | D:1      | 27 ||| SHOPLISTING potion of attraction (36 gold, have 0).
    27 | D:1      | 27 ||| SHOPLISTING potion of curing (36 gold, have 0).
    27 | D:1      | 27 ||| SHOPLISTING potion of haste (120 gold, have 0).
    27 | D:1      | 27 ||| SHOPLISTING potion of heal wounds (60 gold, have 0).
    27 | D:1      | 27 ||| SHOPLISTING potion of magic (96 gold, have 0).
    27 | D:1      | 27 ||| SHOPLISTING potion of resistance (120 gold, have 0).
    45 | D:1      | 45 ||| Stepping ~*~*~tactically~*~*~ (hiding).
    51 | D:1      | 51 ||| Stepping ~*~*~tactically~*~*~ (hiding).
    52 | D:1      | 52 ||| Stepping ~*~*~tactically~*~*~ (hiding).
    75 | D:1      | 75 ||| DROPPING +0 club.
   108 | D:1      | Reached XP level 2. HP: 19/19 MP: 2/2
   127 | D:1      | Found Acycryrch's Magic Scroll Boutique.
   130 | D:1      | 130 ||| SHOPLISTING scroll of enchant armour (75 gold, have
                  | 6).
   130 | D:1      | 130 ||| SHOPLISTING scroll of identify (20 gold, have 6).
   130 | D:1      | 130 ||| SHOPLISTING scroll of teleportation (30 gold, have
                  | 6).
   200 | D:1      | Found Zozourof's Armour Boutique.
   211 | D:1      | 211 ||| SHOPLISTING +0 pair of boots (45 gold, have 6).
   211 | D:1      | 211 ||| SHOPLISTING +0 pair of fencer's gloves {Riposte
                  | Dex+3} (400 gold, have 6).
   211 | D:1      | 211 ||| SHOPLISTING +0 plate armour "Zerphaf" {*Corrode
                  | Will+ Stlth+} (328 gold, have 6).
   211 | D:1      | 211 ||| SHOPLISTING +2 plate armour of fire resistance (400
                  | gold, have 6).
   244 | D:1      | Found Qivvasch's General Store.
   290 | D:1      | 290 ||| SHOPLISTING +2 helmet of see invisible (301 gold,
                  | have 8).
   381 | D:1      | 381 ||| Stepping ~*~*~tactically~*~*~ (hiding).
   673 | D:1      | 673 ||| UPGRADING to +1 hat.
   678 | D:1      | 678 ||| UPGRADING to amulet of regeneration.
   683 | D:1      | 683 ||| UPGRADING to +5 ring of evasion.
   684 | D:1      | 684 ||| UPGRADING to ring of protection from fire.
   685 | D:1      | 685 ||| READING 2 scrolls labelled YSMUAXZ PIKYDU.
   686 | D:1      | 686 ||| READING scroll labelled FOIRAS LEWEANLO.
   687 | D:1      | 687 ||| READING scroll labelled JYRIAP MIOQ.
   688 | D:1      | 688 ||| READING scroll labelled GUQYCKE MIESO.
   689 | D:1      | 689 ||| DROPPING scroll of immolation.
   937 | D:2      | Noticed Natasha
   938 | D:2      | 938 ||| Stepping ~*~*~tactically~*~*~ (hiding).
   944 | D:2      | Killed Natasha
   945 | D:2      | Reached skill level 3 in Axes
   945 | D:2      | Reached XP level 3. HP: 15/23 MP: 3/3
   989 | D:2      | 989 ||| Stepping ~*~*~tactically~*~*~ (stealth).
   998 | D:2      | Noticed Natasha
  1005 | D:2      | Killed Natasha
  1006 | D:2      | Reached XP level 4. HP: 27/28 MP: 4/4
  1095 | D:2      | Found Otoxiaf's General Store.
  1103 | D:2      | 1103 ||| READING 2 scrolls labelled PIWOJA BOAPN.
  1106 | D:2      | 1106 ||| READING scroll labelled VOFEXZ MAOSH.
  1282 | D:2      | 1282 ||| Stepping ~*~*~tactically~*~*~ (stealth).
  1291 | D:2      | 1291 ||| Stepping ~*~*~tactically~*~*~ (stealth).
  1441 | D:2      | 1441 ||| READING scroll labelled CIYLIE ZAGAYGUMI.
  1441 | D:2      | Identified a scroll of acquirement
  1441 | D:2      | 1441 ||| ACQUIRING +4 broad axe of venom
  1441 | D:2      | Acquired a +4 broad axe of venom
  1443 | D:2      | 1443 ||| UPGRADING to +4 broad axe of venom.
  1444 | D:2      | 1444 ||| DROPPING +0 war axe.
  1445 | D:2      | 1445 ||| READING scroll labelled HIAGARR OXOVYM.
  1482 | D:3      | Noticed Grinder
  1485 | D:3      | 1485 ||| STAIRDANCE
  1489 | D:2      | Reached XP level 5. HP: 32/32 MP: 5/5
  1492 | D:2      | Killed Grinder
  1493 | D:2      | Reached skill level 6 in Axes
  1493 | D:2      | Reached XP level 6. HP: 37/37 MP: 6/6
  1674 | D:3      | Found Haimuimump's Magic Scroll Boutique.
  1679 | D:3      | 1679 ||| BUYING scroll of enchant weapon (90 gold).
  1679 | D:3      | Bought a scroll of enchant weapon for 90 gold pieces
  1679 | D:3      | 1679 ||| BUYING scroll of identify (24 gold).
  1679 | D:3      | Bought a scroll of identify for 24 gold pieces
  1679 | D:3      | 1679 ||| SHOPLISTING scroll of teleportation (36 gold, have
                  | 19).
  1679 | D:3      | 1679 ||| READING scroll of enchant weapon.
  1679 | D:3      | 1679 ||| ENCHANTING +4 broad axe of venom.
  1822 | D:3      | Reached skill level 4 in Fighting
  1846 | D:3      | 1846 ||| DROPPING +0 whip.
  1892 | D:3      | Reached skill level 1 in Dodging
  1939 | D:3      | 1939 ||| UPGRADING to +2 helmet.
  1949 | D:3      | 1949 ||| DROPPING +1 hat.
  1950 | D:3      | 1950 ||| UPGRADING to +0 pair of gloves.
  1955 | D:3      | 1955 ||| UPGRADING to +1 ring mail of fire resistance.
  1965 | D:3      | 1965 ||| DROPPING amulet of the acrobat.
  1966 | D:3      | 1966 ||| READING scroll labelled EKHLAE MEOFALL.
  2014 | D:4      | Reached XP level 7. HP: 43/43 MP: 7/7
  2067 | D:4      | 2067 ||| DROPPING +0 flail.
  2146 | D:4      | 2146 ||| Stepping ~*~*~tactically~*~*~ (stealth).
  2158 | D:4      | 2158 ||| Stepping ~*~*~tactically~*~*~ (stealth).
  2173 | D:4      | 2173 ||| Stepping ~*~*~tactically~*~*~ (stealth).
  2186 | D:4      | Found a transporter.
  2190 | D:4      | Found a transporter.
  2190 | D:4      | Noticed qw's ghost (amateur NaHu)
  2300 | D:4      | 2300 ||| Stepping ~*~*~tactically~*~*~ (stealth).
  2361 | D:4      | 2361 ||| READING scroll of enchant weapon.
  2361 | D:4      | 2361 ||| ENCHANTING +5 broad axe of venom.
  2489 | D:4      | 2489 ||| READING scroll of enchant weapon.
  2489 | D:4      | 2489 ||| ENCHANTING +6 broad axe of venom.
  2665 | D:4      | 2665 ||| DROPPING +0 scale mail.
  2666 | D:4      | 2666 ||| UPGRADING to +0 chain mail.
  2676 | D:4      | 2676 ||| DROPPING +1 ring mail of fire resistance.
  2677 | D:4      | 2677 ||| UPGRADING to +0 plate armour.
  2687 | D:4      | 2687 ||| DROPPING +0 chain mail.
  2688 | D:4      | 2688 ||| READING 5 scrolls labelled CUAFOORGHEXI.
  2689 | D:4      | 2689 ||| READING 2 scrolls of identify.
  2689 | D:4      | 2689 ||| IDENTIFYING glowing puce potion
  2690 | D:4      | 2690 ||| DROPPING potion of ambrosia.
  2691 | D:4      | 2691 ||| DROPPING 4 scrolls of poison.
  2703 | D:5      | Entered Level 5 of the Dungeon
  2737 | D:5      | Reached skill level 5 in Fighting
  2755 | D:5      | Reached XP level 8. HP: 49/49 MP: 8/8
  2788 | D:5      | Found a stormy altar of Qazlal.
  2791 | D:5      | Found a broken altar of Ashenzari.
  2794 | D:5      | Found a shimmering altar of Xom.
  2794 | D:5      | Found a hide-covered altar of Uskayaw.
  2801 | D:5      | Found a glowing golden altar of the Shining One.
  2819 | D:5      | 2819 ||| Stepping ~*~*~tactically~*~*~ (stealth).
  2862 | D:5      | 2862 ||| READING scroll labelled ONTECH KYUZEG.
  2892 | D:5      | 2892 ||| FLEEEEING.
  2928 | D:5      | 2928 ||| Stepping ~*~*~tactically~*~*~ (stealth).
  2934 | D:5      | 2934 ||| Stepping ~*~*~tactically~*~*~ (stealth).
  3050 | D:5      | Found a staircase to the Ecumenical Temple.
  3051 | D:5      | 3051 ||| PLANNING TEMPLE
  3059 | Temple   | Entered the Ecumenical Temple
  3060 | Temple   | 3060 ||| PLANNING OKAWARU WORSHIP
  3229 | Temple   | Became a worshipper of Warmaster Okawaru
  3230 | Temple   | 3230 ||| PLANNING D:1-11
  3390 | D:5      | 3390 ||| Stepping ~*~*~tactically~*~*~ (stealth).
  3451 | D:5      | 3451 ||| Stepping ~*~*~tactically~*~*~ (hiding).
  3453 | D:5      | 3453 ||| Stepping ~*~*~tactically~*~*~ (hiding).
  3633 | D:5      | Reached skill level 6 in Fighting
  3677 | D:5      | 3677 ||| READING scroll labelled UXIPTI PEIMA.
  3678 | D:5      | 3678 ||| DRINKING 3 emerald potions.
  3679 | D:5      | 3679 ||| DROPPING 2 potions of degeneration.
  3698 | D:6      | Reached * piety under Okawaru
  3699 | D:6      | 3699 ||| INVOKING Heroism.
  3704 | D:6      | Reached XP level 9. HP: 55/55 MP: 6/9
  3814 | D:6      | 3814 ||| Stepping ~*~*~tactically~*~*~ (hiding).
  3820 | D:6      | Reached skill level 1 in Invocations
  4040 | D:6      | Reached skill level 9 in Axes
  4070 | D:6      | 4070 ||| Stepping ~*~*~tactically~*~*~ (hiding).
  4074 | D:6      | 4074 ||| INVOKING Heroism.
  4076 | D:6      | Reached skill level 3 in Invocations
  4212 | D:6      | 4212 ||| UPGRADING to +2 plate armour of cold resistance.
  4222 | D:6      | 4222 ||| DROPPING +0 plate armour.
  4223 | D:6      | 4223 ||| READING 3 scrolls labelled UVAMUI NEOKHU.
  4324 | D:6      | 4324 ||| DRINKING 2 lumpy silvery potions.
  4325 | D:6      | 4325 ||| DROPPING 2 scrolls of silence.
  4480 | D:7      | 4480 ||| INVOKING Heroism.
  4651 | D:7      | 4651 ||| INVOKING Heroism.
  4770 | D:7      | Found Mepad's Jewellery Boutique.
  4777 | D:7      | 4777 ||| SHOPLISTING +5 ring of evasion (540 gold, have
                  | 280).
  4777 | D:7      | 4777 ||| SHOPLISTING amulet "Wuegiysk" {Faith Regen+ Str+2
                  | Stlth+} (810 gold, have 280).
  4777 | D:7      | 4777 ||| SHOPLISTING ring of fire (375 gold, have 280).
  4777 | D:7      | 4777 ||| SHOPLISTING ring of protection from cold (375
                  | gold, have 280).
  4881 | D:7      | 4881 ||| UPGRADING to amulet of reflection.
  4891 | D:7      | 4891 ||| DROPPING amulet of regeneration.
  4937 | D:8      | Reached skill level 6 in Armour
  4955 | D:8      | Noticed Maggie
  4959 | D:8      | 4959 ||| INVOKING Heroism.
  4989 | D:8      | Killed Maggie
  4990 | D:8      | Reached skill level 7 in Fighting
  5012 | D:8      | Reached ** piety under Okawaru
  5163 | D:8      | Noticed Prince Ribbit
  5164 | D:8      | 5164 ||| INVOKING Heroism.
  5169 | D:8      | Killed Prince Ribbit
  5321 | D:8      | Noticed Erica
  5322 | D:8      | 5322 ||| Stepping ~*~*~tactically~*~*~ (hiding).
  5325 | D:8      | 5325 ||| INVOKING Heroism.
  5340 | D:8      | 5340 ||| DRINKING potion of curing.
  5340 | D:8      | 5340 ||| (to cure confusion)
  5341 | D:8      | 5341 ||| INVOKING Heroism.
  5342 | D:8      | Killed Erica
  5343 | D:8      | Reached XP level 10. HP: 52/63 MP: 10/13
  5717 | D:8      | 5717 ||| DROPPING amulet of guardian spirit.
  5718 | D:8      | 5718 ||| READING 4 scrolls labelled KOIRRA KI POX.
  5719 | D:8      | 5719 ||| READING 3 scrolls of enchant armour.
  5719 | D:8      | 5719 ||| ENCHANTING +0 pair of gloves.
  5720 | D:8      | 5720 ||| READING 2 scrolls of enchant armour.
  5720 | D:8      | 5720 ||| ENCHANTING +1 pair of gloves.
  5721 | D:8      | 5721 ||| READING scroll of enchant armour.
  5721 | D:8      | 5721 ||| ENCHANTING +2 plate armour of cold resistance.
  5801 | D:9      | 5801 ||| Stepping ~*~*~tactically~*~*~ (hiding).
  5803 | D:9      | 5803 ||| INVOKING Heroism.
  5811 | D:9      | Reached skill level 8 in Fighting
  5874 | D:9      | 5874 ||| Stepping ~*~*~tactically~*~*~ (hiding).
  5894 | D:9      | 5894 ||| Stepping ~*~*~tactically~*~*~ (stealth).
  5895 | D:9      | 5895 ||| Stepping ~*~*~tactically~*~*~ (stealth).
  5901 | D:9      | 5901 ||| Stepping ~*~*~tactically~*~*~ (stealth).
  5902 | D:9      | 5902 ||| Stepping ~*~*~tactically~*~*~ (stealth).
  5909 | D:9      | 5909 ||| FLEEEEING.
  5910 | D:9      | 5910 ||| FLEEEEING.
  5911 | D:9      | 5911 ||| FLEEEEING.
  5989 | D:9      | 5989 ||| INVOKING Heroism.
  5994 | D:9      | Reached *** piety under Okawaru
  6017 | D:9      | Found a snail-covered altar of Cheibriados.
  6279 | D:9      | 6279 ||| INVOKING Heroism.
  6312 | D:9      | Found a staircase to the Orcish Mines.
  6321 | D:9      | 6321 ||| INVOKING Heroism.
  6440 | D:9      | 6440 ||| INVOKING Heroism.
  6457 | D:9      | 6457 ||| INVOKING Heroism.
  6691 | D:9      | 6691 ||| Stepping ~*~*~tactically~*~*~ (hiding).
  6695 | D:9      | 6695 ||| INVOKING Heroism.
  6698 | D:9      | Reached skill level 1 in Throwing
  6886 | D:9      | 6886 ||| INVOKING Heroism.
  6971 | D:9      | 6971 ||| DROPPING ring of positive energy.
  6972 | D:9      | 6972 ||| READING 3 scrolls of identify.
  6972 | D:9      | 6972 ||| IDENTIFYING yellow potion
  6973 | D:9      | 6973 ||| READING 2 scrolls of identify.
  6973 | D:9      | 6973 ||| IDENTIFYING bubbling emerald potion
  7049 | D:10     | Entered Level 10 of the Dungeon
  7051 | D:10     | 7051 ||| INVOKING Heroism.
  7052 | D:10     | Noticed a deep elf pyromancer
  7053 | D:10     | 7053 ||| Stepping ~*~*~tactically~*~*~ (hiding).
  7057 | D:10     | Reached skill level 9 in Fighting
  7058 | D:10     | Killed a deep elf pyromancer
  7059 | D:10     | Reached XP level 11. HP: 71/71 MP: 12/14
  7122 | D:10     | Identified the +8 chain mail of Uskayaw's Whim {Dex+4}
  7154 | D:10     | 7154 ||| Stepping ~*~*~tactically~*~*~ (hiding).
  7284 | D:10     | Found a white marble altar of Elyvilon.
  7552 | D:10     | 7552 ||| READING scroll of enchant armour.
  7552 | D:10     | 7552 ||| ENCHANTING +3 plate armour of cold resistance.
  7725 | D:10     | 7725 ||| Stepping ~*~*~tactically~*~*~ (stealth).
  7794 | D:10     | Found a sacrificial altar of Ru.
  7974 | D:10     | 7974 ||| READING 2 scrolls of identify.
  7974 | D:10     | 7974 ||| IDENTIFYING clear potion
  7975 | D:10     | 7975 ||| DROPPING potion of brilliance.
  8020 | D:11     | Noticed a brown ugly thing
  8029 | D:11     | Killed a brown ugly thing
  8118 | D:11     | Reached skill level 12 in Axes
  8167 | D:11     | 8167 ||| DROPPING +0 morningstar.
  8183 | D:11     | Noticed a cyclops
  8184 | D:11     | 8184 ||| Stepping ~*~*~tactically~*~*~ (hiding).
  8188 | D:11     | 8188 ||| INVOKING Heroism.
  8197 | D:11     | Killed a cyclops
  8311 | D:11     | 8311 ||| Stepping ~*~*~tactically~*~*~ (hiding).
  8312 | D:11     | 8312 ||| Stepping ~*~*~tactically~*~*~ (hiding).
  8313 | D:11     | 8313 ||| Stepping ~*~*~tactically~*~*~ (hiding).
  8406 | D:11     | 8406 ||| READING scroll of brand weapon.
  8406 | D:11     | 8406 ||| BRANDING +7 heavy broad axe.
  8407 | D:11     | 8407 ||| DROPPING +2 hand axe of flaming.
  8677 | D:11     | Found a staircase to the Lair.
  8682 | D:11     | 8682 ||| PLANNING LAIR
  8682 | D:11     | 8682 ||| INVOKING Heroism.
  8692 | D:11     | Reached skill level 6 in Shields
  8697 | D:11     | 8697 ||| UPGRADING to +0 cloak.
  8702 | D:11     | 8702 ||| DRINKING 2 bubbling golden potions.
  8731 | Lair:1   | Entered Level 1 of the Lair of Beasts
  8732 | Lair:1   | 8732 ||| INVOKING Heroism.
  8801 | Lair:1   | 8801 ||| INVOKING Heroism.
  8826 | Lair:1   | 8826 ||| INVOKING Heroism.
  8914 | Lair:1   | 8914 ||| INVOKING Heroism.
  8918 | Lair:1   | Reached skill level 9 in Armour
  8925 | Lair:1   | 8925 ||| Stepping ~*~*~tactically~*~*~ (stealth).
  8926 | Lair:1   | 8926 ||| Stepping ~*~*~tactically~*~*~ (stealth).
  8927 | Lair:1   | 8927 ||| Stepping ~*~*~tactically~*~*~ (stealth).
  9013 | Lair:1   | 9013 ||| INVOKING Heroism.
  9032 | Lair:1   | Found a dark tunnel.
  9086 | Lair:1   | Reached skill level 10 in Fighting
  9090 | Lair:1   | Reached **** piety under Okawaru
  9096 | Lair:1   | Reached XP level 12. HP: 71/77 MP: 15/15
  9429 | Lair:1   | 9429 ||| INVOKING Heroism.
  9789 | Lair:1   | 9789 ||| DROPPING +2 helmet of intelligence.
  9790 | Lair:1   | 9790 ||| READING 3 scrolls of identify.
  9790 | Lair:1   | 9790 ||| IDENTIFYING dark potion
  9791 | Lair:1   | 9791 ||| READING 2 scrolls of identify.
  9791 | Lair:1   | 9791 ||| IDENTIFYING bubbling red potion
  9792 | Lair:1   | 9792 ||| DROPPING potion of berserk rage.
  9846 | Lair:2   | 9846 ||| INVOKING Heroism.
  9872 | Lair:2   | Reached skill level 6 in Invocations
  9895 | Lair:2   | 9895 ||| INVOKING Heroism.
 10041 | Lair:2   | 10041 ||| Stepping ~*~*~tactically~*~*~ (hiding).
 10042 | Lair:2   | 10042 ||| Stepping ~*~*~tactically~*~*~ (hiding).
 10043 | Lair:2   | 10043 ||| Stepping ~*~*~tactically~*~*~ (hiding).
 10081 | Lair:2   | Noticed a four-headed hydra
 10105 | Lair:2   | 10105 ||| INVOKING Heroism.
 10118 | Lair:2   | 10118 ||| Stepping ~*~*~tactically~*~*~ (stealth).
 10136 | Lair:2   | 10136 ||| INVOKING Heroism.
 10224 | Lair:2   | 10224 ||| INVOKING Heroism.
 10235 | Lair:2   | Killed a one-headed hydra
 10561 | Lair:2   | 10561 ||| Stepping ~*~*~tactically~*~*~ (hiding).
 10579 | Lair:2   | Found a staircase to the Shoals.
 10757 | Lair:2   | 10757 ||| READING 2 scrolls of identify.
 10757 | Lair:2   | 10757 ||| IDENTIFYING fuming pink potion
 10793 | Lair:3   | 10793 ||| STAIRDANCE
 10858 | Lair:3   | Reached ***** piety under Okawaru
 10876 | Lair:3   | Noticed a death yak
 10877 | Lair:3   | 10877 ||| INVOKING Heroism.
 10877 | Lair:3   | Noticed a death yak
 10881 | Lair:3   | Noticed a death yak
 10889 | Lair:3   | Killed a death yak
 10890 | Lair:3   | Killed a death yak
 10891 | Lair:3   | 10891 ||| INVOKING Finesse.
 10898 | Lair:3   | Killed a death yak
 10899 | Lair:3   | Reached skill level 9 in Invocations
 10899 | Lair:3   | Reached XP level 13. HP: 79/82 MP: 13/19
 11069 | Lair:3   | 11069 ||| INVOKING Heroism.
 11138 | Lair:3   | You fall into a shaft and drop 2 floors!
 11138 | Lair:5   | Entered Level 5 of the Lair of Beasts
 11139 | Lair:5   | 11139 ||| INVOKING Heroism.
 11140 | Lair:5   | 11140 ||| INVOKING Finesse.
 11162 | Lair:5   | 11162 ||| Stepping ~*~*~tactically~*~*~ (stealth).
 11164 | Lair:5   | 11164 ||| Stepping ~*~*~tactically~*~*~ (stealth).
 11210 | Lair:5   | 11210 ||| INVOKING Heroism.
 11212 | Lair:5   | 11212 ||| Stepping ~*~*~tactically~*~*~ (stealth).
 11215 | Lair:5   | 11215 ||| Stepping ~*~*~tactically~*~*~ (stealth).
 11229 | Lair:5   | 11229 ||| INVOKING Finesse.
 11555 | Lair:5   | 11555 ||| DROPPING ring of flight.
 11556 | Lair:5   | 11556 ||| READING scroll labelled CEAMANGYSM.
 11558 | Lair:5   | 11558 ||| Stepping ~*~*~tactically~*~*~ (hiding).
 11726 | Lair:4   | Found a shimmering altar of Xom.
 11727 | Lair:4   | 11727 ||| INVOKING Heroism.
 11733 | Lair:4   | Identified the +11 great mace "Seahaq" {venom, *Slow rPois
                  | Dex+5} (Okawaru gifted it to you on level 4 of the Lair of
                  | Beasts)
 11733 | Lair:4   | Received a gift from Okawaru
 11734 | Lair:4   | Reached skill level 11 in Fighting
 11736 | Lair:4   | 11736 ||| Stepping ~*~*~tactically~*~*~ (stealth).
 11738 | Lair:4   | 11738 ||| Stepping ~*~*~tactically~*~*~ (stealth).
 11797 | Lair:3   | 11797 ||| INVOKING Heroism.
 11798 | Lair:3   | 11798 ||| INVOKING Finesse.
 11853 | Lair:3   | 11853 ||| Stepping ~*~*~tactically~*~*~ (hiding).
 11924 | Lair:3   | 11924 ||| Stepping ~*~*~tactically~*~*~ (hiding).
 11956 | Lair:3   | 11956 ||| INVOKING Heroism.
 12012 | Lair:3   | Identified the +0 arbalest of Parts Unknown {elec, Stlth+}
 12027 | Lair:3   | Found a hole to the Spider Nest.
 12422 | Lair:3   | 12422 ||| Stepping ~*~*~tactically~*~*~ (stealth).
 12521 | Lair:4   | Found a transporter.
 12541 | Lair:4   | Noticed qw's ghost (journeyman GrFi)
 12558 | Lair:4   | Found a viscous altar of Jiyva.
 12558 | Lair:4   | Found a staircase to the Slime Pits.
 12602 | Lair:4   | 12602 ||| Stepping ~*~*~tactically~*~*~ (hiding).
 12676 | Lair:4   | 12676 ||| READING scroll of enchant armour.
 12676 | Lair:4   | 12676 ||| ENCHANTING +0 cloak.
 12799 | Lair:4   | Reached skill level 15 in Axes
 12812 | Lair:4   | 12812 ||| READING scroll of enchant weapon.
 12812 | Lair:4   | 12812 ||| ENCHANTING +7 broad axe of flaming.
 12835 | Lair:4   | Found a transporter.
 12925 | Lair:4   | 12925 ||| INVOKING Heroism.
 12942 | Lair:4   | Identified the +0 ring mail of Koastrom {rF+ Int+5}
 13019 | Lair:4   | 13019 ||| INVOKING Heroism.
 13029 | Lair:4   | Received a gift from Okawaru
 13154 | Lair:4   | 13154 ||| READING scroll labelled XITHRUJ ETTAO.
 13184 | Lair:5   | 13184 ||| STAIRDANCE
 13188 | Lair:4   | Gained mutation: Your large and strong wings let you fly.
                  | [Gargoyle growth]
 13188 | Lair:4   | Reached XP level 14. HP: 82/90 MP: 21/21
 13283 | Lair:5   | 13283 ||| INVOKING Heroism.
 13284 | Lair:5   | 13284 ||| INVOKING Finesse.
 13334 | Lair:5   | 13334 ||| Stepping ~*~*~tactically~*~*~ (hiding).
 13344 | Lair:5   | 13344 ||| INVOKING Heroism.
 13345 | Lair:5   | 13345 ||| INVOKING Finesse.
 13378 | Lair:5   | Noticed a dire elephant
 13379 | Lair:5   | 13379 ||| Stepping ~*~*~tactically~*~*~ (stealth).
 13385 | Lair:5   | 13385 ||| Stepping ~*~*~tactically~*~*~ (stealth).
 13386 | Lair:5   | 13386 ||| Stepping ~*~*~tactically~*~*~ (stealth).
 13401 | Lair:5   | 13401 ||| Stepping ~*~*~tactically~*~*~ (stealth).
 13403 | Lair:5   | 13403 ||| INVOKING Heroism.
 13414 | Lair:5   | Killed a dire elephant
 13415 | Lair:5   | Reached skill level 12 in Fighting
 13418 | Lair:5   | Found the +4 skin of Zhor {*Englaciate rC+++ SInv}
 13421 | Lair:5   | 13421 ||| Stepping ~*~*~tactically~*~*~ (stealth).
 13428 | Lair:5   | 13428 ||| Stepping ~*~*~tactically~*~*~ (hiding).
 13553 | Lair:5   | 13553 ||| Stepping ~*~*~tactically~*~*~ (hiding).
 13555 | Lair:5   | 13555 ||| INVOKING Heroism.
 13587 | Lair:5   | Identified the staff of air "Yffenep" {rElec rC+ Int+3}
 14151 | Lair:5   | 14151 ||| PLANNING D
 14151 | Lair:5   | 14151 ||| UPGRADING to scarf of repulsion.
 14161 | Lair:5   | 14161 ||| READING 3 scrolls of identify.
 14161 | Lair:5   | 14161 ||| IDENTIFYING pink potion
 14162 | Lair:5   | 14162 ||| DROPPING potion of invisibility.
 14332 | D:12     | 14332 ||| Stepping ~*~*~tactically~*~*~ (stealth).
 14334 | D:12     | 14334 ||| Stepping ~*~*~tactically~*~*~ (hiding).
 14511 | D:12     | 14511 ||| Stepping ~*~*~tactically~*~*~ (stealth).
 14513 | D:12     | 14513 ||| Stepping ~*~*~tactically~*~*~ (stealth).
 14516 | D:12     | 14516 ||| Stepping ~*~*~tactically~*~*~ (stealth).
 14579 | D:12     | Received a gift from Okawaru
 14747 | D:12     | 14747 ||| Stepping ~*~*~tactically~*~*~ (hiding).
 14906 | D:12     | 14906 ||| READING scroll of enchant weapon.
 14906 | D:12     | 14906 ||| ENCHANTING +8 broad axe of flaming.
 14914 | D:12     | 14914 ||| READING scroll of enchant armour.
 14914 | D:12     | 14914 ||| ENCHANTING +4 plate armour of cold resistance.
 15044 | D:12     | 15044 ||| DROPPING amulet of magic regeneration.
 15045 | D:12     | 15045 ||| DROPPING ring of magical power.
 15090 | D:13     | 15090 ||| FLEEEEING.
 15091 | D:13     | 15091 ||| STAIRDANCE
 15164 | D:13     | 15164 ||| READING scroll of brand weapon.
 15164 | D:13     | 15164 ||| BRANDING +9 broad axe of flaming.
 15206 | D:13     | 15206 ||| Stepping ~*~*~tactically~*~*~ (hiding).
 15208 | D:13     | 15208 ||| Stepping ~*~*~tactically~*~*~ (stealth).
 15272 | D:13     | 15272 ||| Stepping ~*~*~tactically~*~*~ (stealth).
 15300 | D:13     | 15300 ||| INVOKING Heroism.
 15301 | D:13     | 15301 ||| INVOKING Finesse.
 15373 | D:13     | 15373 ||| INVOKING Heroism.
 15375 | D:13     | 15375 ||| INVOKING Finesse.
 15535 | D:13     | Found an ornate altar of the Wu Jian Council.
 15793 | D:13     | 15793 ||| Stepping ~*~*~tactically~*~*~ (hiding).
 15795 | D:13     | 15795 ||| Stepping ~*~*~tactically~*~*~ (hiding).
 15796 | D:13     | 15796 ||| Stepping ~*~*~tactically~*~*~ (hiding).
 15837 | D:13     | 15837 ||| READING 3 scrolls of identify.
 15837 | D:13     | 15837 ||| IDENTIFYING smoky pink potion
 15868 | D:14     | 15868 ||| PLANNING GAUNTLET
 15940 | D:14     | 15940 ||| INVOKING Heroism.
 15955 | D:14     | Received a gift from Okawaru
 15956 | D:14     | 15956 ||| INVOKING Finesse.
 15963 | D:14     | Reached XP level 15. HP: 71/96 MP: 16/22
 15971 | D:14     | 15971 ||| SWAPPING to +0 mace.
 15999 | D:14     | Reached skill level 3 in Dodging
 16004 | D:14     | 16004 ||| INVOKING Heroism.
 16027 | D:14     | HP: 21/96 [freezing wraith (4)]
 16028 | D:14     | 16028 ||| READING 11 scrolls of teleportation.
 16029 | D:14     | 16029 ||| DRINKING 2 potions of heal wounds.
 16038 | D:14     | HP: 24/96 [boulder beetle (17)]
 16039 | D:14     | 16039 ||| READING 10 scrolls of teleportation.
 16039 | D:14     | HP: 10/96 [freezing wraith (10)]
 16040 | D:14     | 16040 ||| DRINKING potion of heal wounds.
 16054 | D:14     | 16054 ||| INVOKING Heroism.
 16066 | D:14     | HP: 21/97 [boulder beetle (7)]
 16067 | D:14     | 16067 ||| READING 9 scrolls of teleportation.
 16209 | D:14     | 16209 ||| INVOKING Heroism.
 16312 | D:14     | 16312 ||| UPGRADING to +9 broad axe of venom.
 16314 | D:14     | Found a gate leading to a gauntlet.
 16323 | Gauntlet | Entered a Gauntlet
 16323 | Gauntlet | Found a transporter.
 16338 | Gauntlet | Found a transporter.
 16338 | Gauntlet | Found a transporter.
 16339 | Gauntlet | Found a transporter.
 16350 | Gauntlet | Found a transporter.
 16350 | Gauntlet | Found a transporter.
 16351 | Gauntlet | Found a transporter.
 16359 | Gauntlet | Found a transporter.
 16362 | Gauntlet | Found a transporter.
 16363 | Gauntlet | Found a transporter.
 16371 | Gauntlet | Found a transporter.
 16375 | Gauntlet | Found a transporter.
 16376 | Gauntlet | Found a transporter.
 16384 | Gauntlet | Found a transporter.
 16384 | Gauntlet | Found the +2 cloak of the Thief {*Fog Slay-2 SInv Stlth+}
 16482 | Gauntlet | 16482 ||| INVOKING Heroism.
 16679 | Gauntlet | Identified the +6 scale mail of Insatiable Hunger {-Cast
                  | rElec rF+++ Regen+}
 16766 | Gauntlet | 16766 ||| DROPPING scarf of harm.
 16767 | Gauntlet | 16767 ||| UPGRADING to ring of see invisible.
 16785 | D:14     | 16785 ||| PLANNING D
 16816 | D:14     | Found a gate to the Vaults.
 16882 | D:14     | Found Moennuiwn's Armour Shop.
 16891 | D:14     | 16891 ||| BUYING +0 kite shield (72 gold).
 16891 | D:14     | Bought a +0 kite shield for 72 gold pieces
 16891 | D:14     | 16891 ||| BUYING +0 pair of boots (72 gold).
 16891 | D:14     | Bought a +0 pair of boots for 72 gold pieces
 17243 | D:14     | 17243 ||| UPGRADING to +0 kite shield.
 17253 | D:14     | 17253 ||| DROPPING +0 buckler.
 17254 | D:14     | 17254 ||| UPGRADING to +0 pair of boots.
 17273 | D:15     | Entered Level 15 of the Dungeon
 17279 | D:15     | Reached skill level 3 in Throwing
 17301 | D:15     | Paralysed by a great orb of eyes for 3 turns
 17344 | D:15     | Found Capaih's Magic Scroll Shop.
 17360 | D:15     | 17360 ||| BUYING 2 scrolls of enchant weapon (255 gold).
 17360 | D:15     | Bought 2 scrolls of enchant weapon for 255 gold pieces
 17360 | D:15     | 17360 ||| BUYING scroll of enchant armour (127 gold).
 17360 | D:15     | Bought a scroll of enchant armour for 127 gold pieces
 17360 | D:15     | 17360 ||| BUYING scroll of identify (34 gold).
 17360 | D:15     | Bought a scroll of identify for 34 gold pieces
 17360 | D:15     | 17360 ||| BUYING scroll of identify (34 gold).
 17360 | D:15     | Bought a scroll of identify for 34 gold pieces
 17360 | D:15     | 17360 ||| BUYING scroll of identify (34 gold).
 17360 | D:15     | Bought a scroll of identify for 34 gold pieces
 17360 | D:15     | 17360 ||| BUYING scroll of teleportation (51 gold).
 17360 | D:15     | Bought a scroll of teleportation for 51 gold pieces
 17360 | D:15     | 17360 ||| READING scroll of enchant armour.
 17360 | D:15     | 17360 ||| ENCHANTING +0 pair of boots.
 17375 | D:15     | 17375 ||| Stepping ~*~*~tactically~*~*~ (hiding).
 17377 | D:15     | 17377 ||| Stepping ~*~*~tactically~*~*~ (hiding).
 17378 | D:15     | 17378 ||| INVOKING Heroism.
 17384 | D:15     | Reached skill level 9 in Shields
 17428 | D:15     | Identified the ring "Conn" {rPois rF+}
 17477 | D:15     | Noticed a frost giant
 17485 | D:15     | Killed a frost giant
 17582 | D:15     | 17582 ||| INVOKING Heroism.
 17619 | D:15     | 17619 ||| INVOKING Finesse.
 17620 | D:15     | 17620 ||| SWAPPING to +0 mace.
 17633 | D:15     | 17633 ||| Stepping ~*~*~tactically~*~*~ (outnumbered).
 17673 | D:15     | 17673 ||| INVOKING Heroism.
 17765 | D:15     | 17765 ||| UPGRADING to +9 broad axe of venom.
 17793 | D:15     | 17793 ||| INVOKING Heroism.
 17820 | D:15     | Found a staircase to the Depths.
 17820 | D:15     | Noticed a frost giant
 17830 | D:15     | Killed a frost giant
 17863 | D:15     | 17863 ||| INVOKING Heroism.
 18114 | D:15     | 18114 ||| INVOKING Heroism.
 18115 | D:15     | 18115 ||| INVOKING Finesse.
 18177 | D:15     | Paralysed by a great orb of eyes for 2 turns
 18210 | D:15     | 18210 ||| Stepping ~*~*~tactically~*~*~ (hiding).
 18213 | D:15     | 18213 ||| INVOKING Heroism.
 18282 | D:15     | 18282 ||| INVOKING Heroism.
 18382 | D:15     | Identified the +2 pair of gloves of Okawaru's Favour {Harm
                  | rC- rCorr Dex+3}
 18470 | D:15     | Noticed a fire giant
 18471 | D:15     | 18471 ||| Stepping ~*~*~tactically~*~*~ (hiding).
 18474 | D:15     | 18474 ||| INVOKING Heroism.
 18475 | D:15     | 18475 ||| INVOKING Finesse.
 18481 | D:15     | Reached skill level 12 in Shields
 18481 | D:15     | Killed a fire giant
 18537 | D:15     | 18537 ||| Stepping ~*~*~tactically~*~*~ (hiding).
 18538 | D:15     | 18538 ||| Stepping ~*~*~tactically~*~*~ (hiding).
 18621 | D:15     | Found Omafaalu's Distillery.
 18621 | D:15     | Found a transporter.
 18632 | D:15     | Reached XP level 16. HP: 99/103 MP: 23/23
 18648 | D:15     | 18648 ||| BUYING 2 potions of lignification (96 gold).
 18648 | D:15     | Bought 2 potions of lignification for 96 gold pieces
 18648 | D:15     | 18648 ||| BUYING potion of curing (48 gold).
 18648 | D:15     | Bought a potion of curing for 48 gold pieces
 18648 | D:15     | 18648 ||| BUYING potion of curing (48 gold).
 18648 | D:15     | Bought a potion of curing for 48 gold pieces
 18648 | D:15     | 18648 ||| BUYING potion of haste (160 gold).
 18648 | D:15     | Bought a potion of haste for 160 gold pieces
 18648 | D:15     | 18648 ||| BUYING potion of lignification (48 gold).
 18648 | D:15     | Bought a potion of lignification for 48 gold pieces
 18648 | D:15     | 18648 ||| BUYING potion of lignification (48 gold).
 18648 | D:15     | Bought a potion of lignification for 48 gold pieces
 18648 | D:15     | 18648 ||| BUYING potion of magic (128 gold).
 18648 | D:15     | Bought a potion of magic for 128 gold pieces
 18658 | D:15     | 18658 ||| Stepping ~*~*~tactically~*~*~ (hiding).
 18668 | D:15     | 18668 ||| INVOKING Heroism.
 18672 | D:15     | 18672 ||| DRINKING 11 potions of curing.
 18672 | D:15     | 18672 ||| (to cure confusion)
 18677 | D:15     | Reached skill level 6 in Throwing
 18690 | D:15     | Identified the ring "Saippain" {rElec rPois Will+ Str-3}
 18769 | D:15     | Noticed a sphinx
 18776 | D:15     | Killed a sphinx
 18825 | D:15     | Found a transporter.
 18841 | D:15     | Found Quopn's Weapon Boutique.
 18867 | D:15     | Received a gift from Okawaru
 18870 | D:15     | 18870 ||| Stepping ~*~*~tactically~*~*~ (hiding).
 18872 | D:15     | 18872 ||| Stepping ~*~*~tactically~*~*~ (hiding).
 18987 | D:15     | Identified the ring of Zodofut {*Slow rC+ Will+ Str+3}
 19006 | D:15     | 19006 ||| INVOKING Heroism.
 19195 | D:15     | 19195 ||| DROPPING +6 ring of dexterity.
 19196 | D:15     | 19196 ||| PLANNING ORC
 19196 | D:15     | 19196 ||| DROPPING ring of wizardry.
 19197 | D:15     | 19197 ||| DROPPING ring "Saippain" {rElec rPois Will+
                  | Str-3}.
 19198 | D:15     | 19198 ||| READING scroll labelled GIACWY SAYBILE.
 19199 | D:15     | 19199 ||| DRINKING 2 fuming emerald potions.
 19200 | D:15     | 19200 ||| DROPPING potion of enlightenment.
 19410 | Orc:1    | Entered Level 1 of the Orcish Mines
 19441 | Orc:1    | 19441 ||| DROPPING +0 mace.
 19522 | Orc:1    | 19522 ||| Stepping ~*~*~tactically~*~*~ (stealth).
 19525 | Orc:1    | 19525 ||| Stepping ~*~*~tactically~*~*~ (stealth).
 19537 | Orc:1    | 19537 ||| Stepping ~*~*~tactically~*~*~ (hiding).
 19539 | Orc:1    | 19539 ||| Stepping ~*~*~tactically~*~*~ (hiding).
 19653 | Orc:1    | 19653 ||| Stepping ~*~*~tactically~*~*~ (hiding).
 19654 | Orc:1    | 19654 ||| Stepping ~*~*~tactically~*~*~ (hiding).
 19655 | Orc:1    | 19655 ||| Stepping ~*~*~tactically~*~*~ (stealth).
 19657 | Orc:1    | 19657 ||| Stepping ~*~*~tactically~*~*~ (stealth).
 19668 | Orc:1    | Noticed Erolcha
 19669 | Orc:1    | 19669 ||| Stepping ~*~*~tactically~*~*~ (stealth).
 19672 | Orc:1    | 19672 ||| INVOKING Heroism.
 19677 | Orc:1    | Killed Erolcha
 19687 | Orc:1    | Gained mutation: Armour fits poorly on your strangely
                  | shaped body. [a neqoxec]
 19689 | Orc:1    | Gained mutation: You are frail. (-10% HP) [a neqoxec]
 19691 | Orc:1    | Reached skill level 12 in Armour
 19797 | Orc:1    | 19797 ||| DRINKING 4 potions of mutation.
 19797 | Orc:1    | Lost mutation: You are frail. (-10% HP) [potion of
                  | mutation]
 19797 | Orc:1    | Lost mutation: Armour fits poorly on your strangely shaped
                  | body. [potion of mutation]
 19797 | Orc:1    | Gained mutation: You are dopey. (Int -2) [potion of
                  | mutation]
 19797 | Orc:1    | Gained mutation: You expend magic power (3 MP) to
                  | strengthen your wands. [potion of mutation]
 19917 | Orc:1    | 19917 ||| Stepping ~*~*~tactically~*~*~ (hiding).
 19934 | Orc:1    | 19934 ||| INVOKING Heroism.
 19940 | Orc:1    | 19940 ||| Stepping ~*~*~tactically~*~*~ (hiding).
 20260 | Orc:2    | Entered Level 2 of the Orcish Mines
 20261 | Orc:2    | 20261 ||| INVOKING Heroism.
 20344 | Orc:2    | 20344 ||| Stepping ~*~*~tactically~*~*~ (stealth).
 20357 | Orc:2    | 20357 ||| DROPPING +0 flail.
 20377 | Orc:2    | Found a staircase to the Elven Halls.
 20498 | Orc:2    | 20498 ||| Stepping ~*~*~tactically~*~*~ (stealth).
 20501 | Orc:2    | 20501 ||| Stepping ~*~*~tactically~*~*~ (stealth).
 20507 | Orc:2    | 20507 ||| Stepping ~*~*~tactically~*~*~ (stealth).
 20509 | Orc:2    | 20509 ||| INVOKING Heroism.
 20533 | Orc:2    | 20533 ||| Stepping ~*~*~tactically~*~*~ (hiding).
 20562 | Orc:2    | 20562 ||| Stepping ~*~*~tactically~*~*~ (stealth).
 20564 | Orc:2    | 20564 ||| Stepping ~*~*~tactically~*~*~ (stealth).
 20583 | Orc:2    | 20583 ||| FLEEEEING.
 20584 | Orc:2    | 20584 ||| FLEEEEING.
 20585 | Orc:2    | 20585 ||| FLEEEEING.
 20586 | Orc:2    | 20586 ||| FLEEEEING.
 20587 | Orc:2    | 20587 ||| FLEEEEING.
 20591 | Orc:2    | 20591 ||| FLEEEEING.
 20592 | Orc:2    | 20592 ||| FLEEEEING.
 20593 | Orc:2    | 20593 ||| FLEEEEING.
 20594 | Orc:2    | 20594 ||| FLEEEEING.
 20596 | Orc:2    | 20596 ||| STAIRDANCE
 20721 | Orc:2    | 20721 ||| Stepping ~*~*~tactically~*~*~ (stealth).
 20722 | Orc:2    | 20722 ||| Stepping ~*~*~tactically~*~*~ (stealth).
 20723 | Orc:2    | 20723 ||| Stepping ~*~*~tactically~*~*~ (stealth).
 20727 | Orc:2    | Received a gift from Okawaru
 20728 | Orc:2    | 20728 ||| INVOKING Heroism.
 20763 | Orc:2    | Found Cerosetu's Book Shoppe.
 20764 | Orc:2    | 20764 ||| INVOKING Heroism.
 20797 | Orc:2    | Reached skill level 13 in Fighting
 20798 | Orc:2    | 20798 ||| Stepping ~*~*~tactically~*~*~ (hiding).
 20811 | Orc:2    | 20811 ||| FLEEEEING.
 20812 | Orc:2    | 20812 ||| FLEEEEING.
 20813 | Orc:2    | 20813 ||| FLEEEEING.
 20814 | Orc:2    | 20814 ||| FLEEEEING.
 20816 | Orc:2    | 20816 ||| FLEEEEING.
 20817 | Orc:2    | 20817 ||| FLEEEEING.
 20818 | Orc:2    | 20818 ||| FLEEEEING.
 20819 | Orc:2    | 20819 ||| FLEEEEING.
 20820 | Orc:2    | 20820 ||| FLEEEEING.
 20821 | Orc:2    | 20821 ||| FLEEEEING.
 20822 | Orc:2    | 20822 ||| FLEEEEING.
 20823 | Orc:2    | 20823 ||| FLEEEEING.
 20827 | Orc:2    | 20827 ||| FLEEEEING.
 20828 | Orc:2    | 20828 ||| FLEEEEING.
 20832 | Orc:2    | 20832 ||| FLEEEEING.
 20833 | Orc:2    | 20833 ||| FLEEEEING.
 20835 | Orc:2    | 20835 ||| FLEEEEING.
 20836 | Orc:2    | 20836 ||| FLEEEEING.
 20838 | Orc:2    | 20838 ||| STAIRDANCE
 21010 | Orc:2    | 21010 ||| Stepping ~*~*~tactically~*~*~ (hiding).
 21026 | Orc:2    | 21026 ||| Stepping ~*~*~tactically~*~*~ (hiding).
 21140 | Orc:2    | Found Sek Ygaf's Book Boutique.
 21182 | Orc:2    | Received a gift from Okawaru
 21311 | Orc:2    | 21311 ||| Stepping ~*~*~tactically~*~*~ (hiding).
 21492 | Orc:2    | 21492 ||| INVOKING Heroism.
 21521 | Orc:2    | 21521 ||| Stepping ~*~*~tactically~*~*~ (hiding).
 21522 | Orc:2    | 21522 ||| Stepping ~*~*~tactically~*~*~ (hiding).
 21528 | Orc:2    | 21528 ||| INVOKING Finesse.
 21537 | Orc:2    | Found Vijeleefu's Distillery.
 21537 | Orc:2    | Found Janu's Antique Weapon Boutique.
 21579 | Orc:2    | 21579 ||| BUYING potion of lignification (48 gold).
 21579 | Orc:2    | Bought a potion of lignification for 48 gold pieces
 21579 | Orc:2    | 21579 ||| BUYING potion of resistance (160 gold).
 21579 | Orc:2    | Bought a potion of resistance for 160 gold pieces
 21579 | Orc:2    | 21579 ||| BUYING potion of resistance (160 gold).
 21579 | Orc:2    | Bought a potion of resistance for 160 gold pieces
 21635 | Orc:2    | 21635 ||| PLANNING SPIDER:1-3
 21854 | Spider:1 | Entered Level 1 of the Spider Nest
 21874 | Spider:1 | 21874 ||| Stepping ~*~*~tactically~*~*~ (stealth).
 21881 | Spider:1 | 21881 ||| INVOKING Heroism.
 21917 | Spider:1 | Received a gift from Okawaru
 22322 | Spider:1 | Identified the +10 morningstar "Sarcophage" {elec, *Rage
                  | Str+3 Int+6}
 22324 | Spider:1 | 22324 ||| DROPPING +10 morningstar "Sarcophage" {elec,
                  | *Rage Str+3 Int+6}.
 22526 | Spider:2 | 22526 ||| Stepping ~*~*~tactically~*~*~ (stealth).
 22527 | Spider:2 | 22527 ||| Stepping ~*~*~tactically~*~*~ (stealth).
 22590 | Spider:2 | 22590 ||| INVOKING Heroism.
 22928 | Spider:2 | 22928 ||| INVOKING Heroism.
 22937 | Spider:2 | Reached skill level 18 in Axes
 23201 | Spider:2 | Received a gift from Okawaru
 23205 | Spider:2 | 23205 ||| INVOKING Heroism.
 23552 | Spider:2 | Reached XP level 17. HP: 108/108 MP: 24/24
 23807 | Spider:3 | 23807 ||| STAIRDANCE
 23823 | Spider:2 | 23823 ||| INVOKING Heroism.
 23950 | Spider:3 | 23950 ||| Stepping ~*~*~tactically~*~*~ (stealth).
 23974 | Spider:3 | 23974 ||| Stepping ~*~*~tactically~*~*~ (stealth).
 23975 | Spider:3 | 23975 ||| Stepping ~*~*~tactically~*~*~ (stealth).
 24032 | Spider:3 | Noticed Kirke
 24033 | Spider:3 | 24033 ||| Stepping ~*~*~tactically~*~*~ (stealth).
 24049 | Spider:3 | 24049 ||| Stepping ~*~*~tactically~*~*~ (stealth).
 24051 | Spider:3 | 24051 ||| Stepping ~*~*~tactically~*~*~ (stealth).
 24061 | Spider:3 | Killed Kirke
 24061 | Spider:3 | Received a gift from Okawaru
 24124 | Spider:3 | Found a transporter.
 24131 | Spider:3 | 24131 ||| Stepping ~*~*~tactically~*~*~ (stealth).
 24131 | Spider:3 | Noticed qw's ghost (adept GrFi)
 24132 | Spider:3 | 24132 ||| Stepping ~*~*~tactically~*~*~ (stealth).
 24133 | Spider:3 | 24133 ||| Stepping ~*~*~tactically~*~*~ (stealth).
 24142 | Spider:3 | Noticed Bai Suzhen
 24148 | Spider:3 | 24148 ||| INVOKING Heroism.
 24149 | Spider:3 | 24149 ||| INVOKING Finesse.
 24155 | Spider:3 | 24155 ||| SWAPPING to +0 morningstar.
 24173 | Spider:3 | Killed Bai Suzhen
 24174 | Spider:3 | Reached skill level 14 in Fighting
 24174 | Spider:3 | 24174 ||| Stepping ~*~*~tactically~*~*~ (cloud).
 24177 | Spider:3 | Noticed Donald
 24183 | Spider:3 | Killed Donald
 24301 | Spider:3 | 24301 ||| UPGRADING to +9 broad axe of venom.
 24345 | Spider:3 | Identified the +0 ring mail of the King of the Hill {Harm
                  | Drain rF++ SInv}
 24350 | Spider:3 | 24350 ||| READING scroll of enchant armour.
 24350 | Spider:3 | 24350 ||| ENCHANTING +1 pair of boots.
 24402 | Spider:3 | Found a transporter.
 24595 | Spider:3 | 24595 ||| PLANNING SHOALS:1-3
 24842 | Shoals:1 | Entered Level 1 of the Shoals
 24898 | Shoals:1 | 24898 ||| Stepping ~*~*~tactically~*~*~ (stealth).
 24903 | Shoals:1 | 24903 ||| Stepping ~*~*~tactically~*~*~ (stealth).
 24905 | Shoals:1 | 24905 ||| Stepping ~*~*~tactically~*~*~ (stealth).
 24911 | Shoals:1 | Noticed Jorgrun
 24912 | Shoals:1 | 24912 ||| Stepping ~*~*~tactically~*~*~ (stealth).
 24917 | Shoals:1 | 24917 ||| Stepping ~*~*~tactically~*~*~ (hiding).
 24924 | Shoals:1 | 24924 ||| INVOKING Heroism.
 24930 | Shoals:1 | Killed Jorgrun
 24965 | Shoals:1 | 24965 ||| Stepping ~*~*~tactically~*~*~ (stealth).
 24969 | Shoals:1 | 24969 ||| Stepping ~*~*~tactically~*~*~ (stealth).
 24970 | Shoals:1 | 24970 ||| Stepping ~*~*~tactically~*~*~ (stealth).
 24971 | Shoals:1 | 24971 ||| INVOKING Heroism.
 25123 | Shoals:1 | 25123 ||| INVOKING Heroism.
 25322 | Shoals:1 | 25322 ||| INVOKING Heroism.
 25421 | Shoals:1 | 25421 ||| INVOKING Heroism.
 25448 | Shoals:1 | Found a runed translucent door.
 25528 | Shoals:1 | 25528 ||| INVOKING Heroism.
 25603 | Shoals:1 | 25603 ||| Stepping ~*~*~tactically~*~*~ (hiding).
 26158 | Shoals:1 | 26158 ||| DROPPING +6 ring of intelligence.
 26252 | Shoals:2 | 26252 ||| INVOKING Heroism.
 26266 | Shoals:2 | Received a gift from Okawaru
 26425 | Shoals:2 | 26425 ||| Stepping ~*~*~tactically~*~*~ (hiding).
 26426 | Shoals:2 | 26426 ||| Stepping ~*~*~tactically~*~*~ (hiding).
 26427 | Shoals:2 | 26427 ||| Stepping ~*~*~tactically~*~*~ (hiding).
 26428 | Shoals:2 | 26428 ||| Stepping ~*~*~tactically~*~*~ (hiding).
 26429 | Shoals:2 | 26429 ||| Stepping ~*~*~tactically~*~*~ (hiding).
 26448 | Shoals:2 | Reached skill level 15 in Fighting
 26495 | Shoals:2 | 26495 ||| INVOKING Heroism.
 26497 | Shoals:2 | 26497 ||| Stepping ~*~*~tactically~*~*~ (hiding).
 26698 | Shoals:2 | 26698 ||| UPGRADING to +1 vampiric broad axe.
 26699 | Shoals:2 | 26699 ||| READING 3 scrolls of enchant weapon.
 26699 | Shoals:2 | 26699 ||| ENCHANTING +1 vampiric broad axe.
 26700 | Shoals:2 | 26700 ||| READING 2 scrolls of enchant weapon.
 26700 | Shoals:2 | 26700 ||| ENCHANTING +2 vampiric broad axe.
 26701 | Shoals:2 | 26701 ||| READING scroll of enchant weapon.
 26701 | Shoals:2 | 26701 ||| ENCHANTING +3 vampiric broad axe.
 26869 | Shoals:2 | 26869 ||| INVOKING Heroism.
 26869 | Shoals:2 | Noticed Ilsuiw
 26914 | Shoals:2 | Received a gift from Okawaru
 26930 | Shoals:2 | 26930 ||| INVOKING Heroism.
 26937 | Shoals:2 | Killed Ilsuiw
 27331 | Shoals:3 | 27331 ||| INVOKING Heroism.
 27397 | Shoals:3 | 27397 ||| INVOKING Heroism.
 27462 | Shoals:3 | Reached XP level 18. HP: 119/119 MP: 25/25
 27462 | Shoals:3 | 27462 ||| DROPPING +0 morningstar.
 27596 | Shoals:3 | Received a gift from Okawaru
 27597 | Shoals:3 | Reached skill level 15 in Shields
 27618 | Shoals:3 | Noticed Polyphemus
 27619 | Shoals:3 | 27619 ||| INVOKING Heroism.
 27634 | Shoals:3 | Killed Polyphemus
 27670 | Shoals:3 | Identified Roxanne's Encyclopedia of Spelunking
 27670 | Shoals:3 | Noticed Roxanne
 27671 | Shoals:3 | 27671 ||| INVOKING Heroism.
 27686 | Shoals:3 | Killed Roxanne
 27724 | Shoals:3 | 27724 ||| Stepping ~*~*~tactically~*~*~ (cloud).
 27725 | Shoals:3 | 27725 ||| Stepping ~*~*~tactically~*~*~ (cloud).
 27777 | Shoals:3 | 27777 ||| INVOKING Heroism.
 27786 | Shoals:3 | Reached skill level 9 in Throwing
 27788 | Shoals:3 | Received a gift from Okawaru
 27819 | Shoals:3 | 27819 ||| Stepping ~*~*~tactically~*~*~ (hiding).
 28088 | Shoals:3 | 28088 ||| Stepping ~*~*~tactically~*~*~ (stealth).
 28301 | Shoals:3 | 28301 ||| PLANNING SPIDER:4
 28467 | Spider:4 | Entered Level 4 of the Spider Nest
 28475 | Spider:4 | 28475 ||| INVOKING Heroism.
 28525 | Spider:4 | 28525 ||| Stepping ~*~*~tactically~*~*~ (stealth).
 28674 | Spider:4 | 28674 ||| Stepping ~*~*~tactically~*~*~ (stealth).
 28690 | Spider:4 | 28690 ||| FLEEEEING.
 28815 | Spider:4 | 28815 ||| Stepping ~*~*~tactically~*~*~ (stealth).
 28880 | Spider:4 | Identified the +0 robe "Weusuafo" {rF+}
 28919 | Spider:4 | 28919 ||| Stepping ~*~*~tactically~*~*~ (stealth).
 28926 | Spider:4 | 28926 ||| Stepping ~*~*~tactically~*~*~ (stealth).
 28950 | Spider:4 | 28950 ||| INVOKING Finesse.
 28955 | Spider:4 | Received a gift from Okawaru
 29009 | Spider:4 | 29009 ||| Stepping ~*~*~tactically~*~*~ (stealth).
 29012 | Spider:4 | 29012 ||| INVOKING Heroism.
 29030 | Spider:4 | Reached skill level 16 in Fighting
 29058 | Spider:4 | 29058 ||| INVOKING Heroism.
 29097 | Spider:4 | Reached skill level 15 in Armour
 29097 | Spider:4 | 29097 ||| INVOKING Finesse.
 29176 | Spider:4 | 29176 ||| INVOKING Heroism.
 29431 | Spider:4 | Got a gossamer rune of Zot
 29616 | Spider:4 | 29616 ||| Stepping ~*~*~tactically~*~*~ (stealth).
 29699 | Spider:4 | 29699 ||| PLANNING VAULTS:1-4
 29699 | Spider:4 | 29699 ||| UPGRADING to +0 pair of gloves of strength.
 29709 | Spider:4 | 29709 ||| DROPPING +2 pair of gloves.
 29710 | Spider:4 | 29710 ||| UPGRADING to ring of Zodofut {*Slow rC+ Will+
                  | Str+3}.
 29712 | Spider:4 | 29712 ||| UPGRADING to +6 scale mail of Insatiable Hunger
                  | {-Cast rElec rF+++ Regen+}.
 29722 | Spider:4 | 29722 ||| DROPPING ring of see invisible.
 30014 | Vaults:1 | Entered Level 1 of the Vaults
 30018 | Vaults:1 | Found Qet Ysevofi's Weapon Emporium.
 30019 | Vaults:1 | 30019 ||| Stepping ~*~*~tactically~*~*~ (hiding).
 30213 | Vaults:1 | 30213 ||| FLEEEEING.
 30214 | Vaults:1 | 30214 ||| FLEEEEING.
 30215 | Vaults:1 | 30215 ||| FLEEEEING.
 30216 | Vaults:1 | 30216 ||| FLEEEEING.
 30217 | Vaults:1 | 30217 ||| FLEEEEING.
 30218 | Vaults:1 | 30218 ||| FLEEEEING.
 30219 | Vaults:1 | 30219 ||| FLEEEEING.
 30220 | Vaults:1 | 30220 ||| FLEEEEING.
 30221 | Vaults:1 | 30221 ||| FLEEEEING.
 30222 | Vaults:1 | 30222 ||| FLEEEEING.
 30223 | Vaults:1 | 30223 ||| FLEEEEING.
 30224 | Vaults:1 | 30224 ||| FLEEEEING.
 30225 | Vaults:1 | 30225 ||| FLEEEEING.
 30226 | Vaults:1 | 30226 ||| FLEEEEING.
 30228 | Vaults:1 | 30228 ||| Stepping ~*~*~tactically~*~*~ (hiding).
 30246 | Vaults:1 | Received a gift from Okawaru
 30780 | Vaults:1 | Reached skill level 17 in Fighting
 30780 | Vaults:1 | Reached XP level 19. HP: 128/128 MP: 26/26
 30976 | Vaults:1 | Received a gift from Okawaru
 31053 | Vaults:1 | 31053 ||| INVOKING Heroism.
 31108 | Vaults:1 | 31108 ||| READING scroll of enchant armour.
 31108 | Vaults:1 | 31108 ||| ENCHANTING +0 pair of gloves of strength.
 31479 | Vaults:2 | 31479 ||| FLEEEEING.
 31480 | Vaults:2 | 31480 ||| FLEEEEING.
 31481 | Vaults:2 | 31481 ||| FLEEEEING.
 31482 | Vaults:2 | 31482 ||| FLEEEEING.
 31483 | Vaults:2 | 31483 ||| FLEEEEING.
 31484 | Vaults:2 | 31484 ||| FLEEEEING.
 31485 | Vaults:2 | 31485 ||| FLEEEEING.
 31486 | Vaults:2 | 31486 ||| FLEEEEING.
 31487 | Vaults:2 | 31487 ||| FLEEEEING.
 31488 | Vaults:2 | 31488 ||| FLEEEEING.
 31489 | Vaults:2 | 31489 ||| FLEEEEING.
 31493 | Vaults:2 | 31493 ||| FLEEEEING.
 31494 | Vaults:2 | 31494 ||| FLEEEEING.
 31495 | Vaults:2 | 31495 ||| FLEEEEING.
 31496 | Vaults:2 | 31496 ||| FLEEEEING.
 31498 | Vaults:2 | 31498 ||| FLEEEEING.
 31500 | Vaults:2 | 31500 ||| FLEEEEING.
 31501 | Vaults:2 | 31501 ||| FLEEEEING.
 31502 | Vaults:2 | 31502 ||| FLEEEEING.
 31503 | Vaults:2 | 31503 ||| FLEEEEING.
 31504 | Vaults:2 | 31504 ||| STAIRDANCE
 31613 | Vaults:2 | 31613 ||| STAIRDANCE
 31717 | Vaults:2 | 31717 ||| INVOKING Finesse.
 31764 | Vaults:2 | 31764 ||| Stepping ~*~*~tactically~*~*~ (hiding).
 31877 | Vaults:2 | 31877 ||| FLEEEEING.
 31881 | Vaults:2 | 31881 ||| FLEEEEING.
 31882 | Vaults:2 | 31882 ||| FLEEEEING.
 31883 | Vaults:2 | 31883 ||| FLEEEEING.
 31884 | Vaults:2 | 31884 ||| FLEEEEING.
 31885 | Vaults:2 | 31885 ||| FLEEEEING.
 31894 | Vaults:2 | 31894 ||| FLEEEEING.
 31895 | Vaults:2 | 31895 ||| FLEEEEING.
 31896 | Vaults:2 | 31896 ||| FLEEEEING.
 31897 | Vaults:2 | 31897 ||| FLEEEEING.
 31898 | Vaults:2 | 31898 ||| FLEEEEING.
 31899 | Vaults:2 | 31899 ||| FLEEEEING.
 31900 | Vaults:2 | 31900 ||| FLEEEEING.
 31901 | Vaults:2 | 31901 ||| FLEEEEING.
 31902 | Vaults:2 | 31902 ||| FLEEEEING.
 31903 | Vaults:2 | 31903 ||| FLEEEEING.
 31907 | Vaults:2 | 31907 ||| FLEEEEING.
 31908 | Vaults:2 | 31908 ||| FLEEEEING.
 31909 | Vaults:2 | 31909 ||| FLEEEEING.
 31910 | Vaults:2 | 31910 ||| FLEEEEING.
 31911 | Vaults:2 | 31911 ||| FLEEEEING.
 31912 | Vaults:2 | 31912 ||| FLEEEEING.
 31914 | Vaults:2 | 31914 ||| FLEEEEING.
 31915 | Vaults:2 | 31915 ||| FLEEEEING.
 31916 | Vaults:2 | 31916 ||| FLEEEEING.
 31917 | Vaults:2 | 31917 ||| FLEEEEING.
 31918 | Vaults:2 | 31918 ||| STAIRDANCE
 32024 | Vaults:2 | 32024 ||| STAIRDANCE
 32135 | Vaults:2 | 32135 ||| STAIRDANCE
 32266 | Vaults:2 | 32266 ||| STAIRDANCE
 32271 | Vaults:1 | Received a gift from Okawaru
 32361 | Vaults:2 | 32361 ||| READING scroll of acquirement.
 32361 | Vaults:2 | 32361 ||| ACQUIRING +0 pearl dragon scales of a bailey {rC+
                  | rN+ Will+ Regen+ Str+4 Stlth+}
 32361 | Vaults:2 | Acquired the +0 pearl dragon scales of a bailey {rC+ rN+
                  | Will+ Regen+ Str+4 Stlth+}
 32363 | Vaults:2 | 32363 ||| DROPPING +8 chain mail of Uskayaw's Whim {Dex+4}.
 32426 | Vaults:2 | 32426 ||| Stepping ~*~*~tactically~*~*~ (stealth).
 32427 | Vaults:2 | 32427 ||| INVOKING Heroism.
 32428 | Vaults:2 | 32428 ||| Stepping ~*~*~tactically~*~*~ (stealth).
 32431 | Vaults:2 | 32431 ||| INVOKING Finesse.
 32609 | Vaults:2 | 32609 ||| Stepping ~*~*~tactically~*~*~ (hiding).
 32716 | Vaults:2 | 32716 ||| FLEEEEING.
 32717 | Vaults:2 | 32717 ||| FLEEEEING.
 32718 | Vaults:2 | 32718 ||| FLEEEEING.
 32719 | Vaults:2 | 32719 ||| FLEEEEING.
 32720 | Vaults:2 | 32720 ||| FLEEEEING.
 32723 | Vaults:2 | 32723 ||| FLEEEEING.
 32724 | Vaults:2 | 32724 ||| FLEEEEING.
 32725 | Vaults:2 | 32725 ||| FLEEEEING.
 32726 | Vaults:2 | 32726 ||| FLEEEEING.
 32728 | Vaults:2 | 32728 ||| FLEEEEING.
 32732 | Vaults:2 | 32732 ||| FLEEEEING.
 32733 | Vaults:2 | 32733 ||| FLEEEEING.
 32734 | Vaults:2 | 32734 ||| FLEEEEING.
 32735 | Vaults:2 | 32735 ||| FLEEEEING.
 32736 | Vaults:2 | 32736 ||| FLEEEEING.
 32737 | Vaults:2 | 32737 ||| FLEEEEING.
 32738 | Vaults:2 | 32738 ||| FLEEEEING.
 32739 | Vaults:2 | 32739 ||| FLEEEEING.
 32740 | Vaults:2 | 32740 ||| FLEEEEING.
 32741 | Vaults:2 | 32741 ||| FLEEEEING.
 32742 | Vaults:2 | 32742 ||| FLEEEEING.
 32743 | Vaults:2 | 32743 ||| FLEEEEING.
 32744 | Vaults:2 | 32744 ||| FLEEEEING.
 32745 | Vaults:2 | 32745 ||| FLEEEEING.
 32820 | Vaults:2 | 32820 ||| FLEEEEING.
 32821 | Vaults:2 | 32821 ||| FLEEEEING.
 32822 | Vaults:2 | 32822 ||| FLEEEEING.
 32823 | Vaults:2 | 32823 ||| FLEEEEING.
 32824 | Vaults:2 | 32824 ||| FLEEEEING.
 32825 | Vaults:2 | 32825 ||| FLEEEEING.
 32826 | Vaults:2 | 32826 ||| FLEEEEING.
 32827 | Vaults:2 | 32827 ||| FLEEEEING.
 32828 | Vaults:2 | 32828 ||| FLEEEEING.
 32829 | Vaults:2 | 32829 ||| FLEEEEING.
 32830 | Vaults:2 | 32830 ||| FLEEEEING.
 32831 | Vaults:2 | 32831 ||| FLEEEEING.
 32834 | Vaults:2 | 32834 ||| FLEEEEING.
 32835 | Vaults:2 | 32835 ||| FLEEEEING.
 32836 | Vaults:2 | 32836 ||| FLEEEEING.
 32837 | Vaults:2 | 32837 ||| FLEEEEING.
 32838 | Vaults:2 | 32838 ||| FLEEEEING.
 32839 | Vaults:2 | 32839 ||| FLEEEEING.
 32840 | Vaults:2 | 32840 ||| FLEEEEING.
 32841 | Vaults:2 | 32841 ||| FLEEEEING.
 32842 | Vaults:2 | 32842 ||| FLEEEEING.
 32843 | Vaults:2 | 32843 ||| FLEEEEING.
 32844 | Vaults:2 | 32844 ||| FLEEEEING.
 32845 | Vaults:2 | 32845 ||| FLEEEEING.
 32846 | Vaults:2 | 32846 ||| FLEEEEING.
 32853 | Vaults:2 | 32853 ||| FLEEEEING.
 32854 | Vaults:2 | 32854 ||| FLEEEEING.
 32855 | Vaults:2 | 32855 ||| FLEEEEING.
 32856 | Vaults:2 | 32856 ||| FLEEEEING.
 32857 | Vaults:2 | 32857 ||| FLEEEEING.
 32858 | Vaults:2 | 32858 ||| FLEEEEING.
 32859 | Vaults:2 | 32859 ||| FLEEEEING.
 32860 | Vaults:2 | 32860 ||| FLEEEEING.
 32861 | Vaults:2 | 32861 ||| FLEEEEING.
 32862 | Vaults:2 | 32862 ||| FLEEEEING.
 32863 | Vaults:2 | 32863 ||| FLEEEEING.
 32864 | Vaults:2 | 32864 ||| FLEEEEING.
 32865 | Vaults:2 | 32865 ||| FLEEEEING.
 32866 | Vaults:2 | 32866 ||| FLEEEEING.
 32867 | Vaults:2 | 32867 ||| FLEEEEING.
 32868 | Vaults:2 | 32868 ||| FLEEEEING.
 32869 | Vaults:2 | 32869 ||| FLEEEEING.
 32873 | Vaults:2 | 32873 ||| FLEEEEING.
 32874 | Vaults:2 | 32874 ||| FLEEEEING.
 32875 | Vaults:2 | 32875 ||| FLEEEEING.
 32876 | Vaults:2 | 32876 ||| FLEEEEING.
 32877 | Vaults:2 | 32877 ||| FLEEEEING.
 32878 | Vaults:2 | 32878 ||| FLEEEEING.
 32880 | Vaults:2 | 32880 ||| FLEEEEING.
 32881 | Vaults:2 | 32881 ||| FLEEEEING.
 32882 | Vaults:2 | 32882 ||| FLEEEEING.
 32883 | Vaults:2 | 32883 ||| FLEEEEING.
 32884 | Vaults:2 | 32884 ||| STAIRDANCE
 32986 | Vaults:1 | 32986 ||| UPGRADING to +2 tower shield.
 32996 | Vaults:1 | 32996 ||| DROPPING +5 plate armour of cold resistance.
 32997 | Vaults:1 | 32997 ||| DROPPING +0 kite shield.
 32998 | Vaults:1 | 32998 ||| UPGRADING to +0 pearl dragon scales of a bailey
                  | {rC+ rN+ Will+ Regen+ Str+4 Stlth+}.
 33023 | Vaults:2 | 33023 ||| Stepping ~*~*~tactically~*~*~ (hiding).
 33024 | Vaults:2 | 33024 ||| Stepping ~*~*~tactically~*~*~ (hiding).
 33151 | Vaults:2 | Received a gift from Okawaru
 33560 | Vaults:3 | 33560 ||| PLANNING BAZAAR
 33777 | Vaults:3 | 33777 ||| Stepping ~*~*~tactically~*~*~ (stealth).
 33778 | Vaults:3 | 33778 ||| Stepping ~*~*~tactically~*~*~ (stealth).
 33783 | Vaults:3 | 33783 ||| Stepping ~*~*~tactically~*~*~ (hiding).
 33815 | Vaults:3 | Found a staircase to the Crypt.
 33823 | Vaults:3 | Received a gift from Okawaru
 33875 | Vaults:3 | 33875 ||| Stepping ~*~*~tactically~*~*~ (stealth).
 33877 | Vaults:3 | 33877 ||| Stepping ~*~*~tactically~*~*~ (stealth).
 33964 | Vaults:3 | 33964 ||| Stepping ~*~*~tactically~*~*~ (stealth).
 33968 | Vaults:3 | Received a gift from Okawaru
 34046 | Vaults:3 | Received a gift from Okawaru
 34148 | Vaults:3 | 34148 ||| Stepping ~*~*~tactically~*~*~ (hiding).
 34151 | Vaults:3 | 34151 ||| Stepping ~*~*~tactically~*~*~ (hiding).
 34152 | Vaults:3 | 34152 ||| Stepping ~*~*~tactically~*~*~ (hiding).
 34153 | Vaults:3 | 34153 ||| Stepping ~*~*~tactically~*~*~ (hiding).
 34155 | Vaults:3 | 34155 ||| Stepping ~*~*~tactically~*~*~ (hiding).
 34157 | Vaults:3 | 34157 ||| Stepping ~*~*~tactically~*~*~ (hiding).
 34283 | Vaults:3 | 34283 ||| Stepping ~*~*~tactically~*~*~ (hiding).
 34404 | Vaults:3 | 34404 ||| Stepping ~*~*~tactically~*~*~ (hiding).
 34406 | Vaults:3 | 34406 ||| Stepping ~*~*~tactically~*~*~ (hiding).
 34408 | Vaults:3 | 34408 ||| Stepping ~*~*~tactically~*~*~ (hiding).
 34484 | Vaults:3 | 34484 ||| RIP BAZAAR
 34515 | Vaults:3 | 34515 ||| PLANNING VAULTS:1-4
 34637 | Vaults:3 | 34637 ||| Stepping ~*~*~tactically~*~*~ (hiding).
 34715 | Vaults:3 | 34715 ||| Stepping ~*~*~tactically~*~*~ (hiding).
 34716 | Vaults:3 | 34716 ||| Stepping ~*~*~tactically~*~*~ (stealth).
 34737 | Vaults:3 | Identified the +7 tower shield "Sinot" {Int+3} (Okawaru
                  | gifted it to you on level 3 of the Vaults)
 34737 | Vaults:3 | Received a gift from Okawaru
 34748 | Vaults:3 | 34748 ||| Stepping ~*~*~tactically~*~*~ (hiding).
 34750 | Vaults:3 | 34750 ||| Stepping ~*~*~tactically~*~*~ (hiding).
 34753 | Vaults:3 | 34753 ||| Stepping ~*~*~tactically~*~*~ (hiding).
 34754 | Vaults:3 | 34754 ||| Stepping ~*~*~tactically~*~*~ (hiding).
 34785 | Vaults:3 | Reached skill level 18 in Shields
 34939 | Vaults:3 | 34939 ||| UPGRADING to +7 tower shield "Sinot" {Int+3}.
 34949 | Vaults:3 | 34949 ||| DROPPING +2 tower shield.
 34995 | Vaults:4 | 34995 ||| Stepping ~*~*~tactically~*~*~ (stealth).
 34997 | Vaults:4 | 34997 ||| Stepping ~*~*~tactically~*~*~ (stealth).
 35004 | Vaults:4 | 35004 ||| Stepping ~*~*~tactically~*~*~ (stealth).
 35006 | Vaults:4 | 35006 ||| Stepping ~*~*~tactically~*~*~ (hiding).
 35009 | Vaults:4 | 35009 ||| Stepping ~*~*~tactically~*~*~ (hiding).
 35010 | Vaults:4 | 35010 ||| Stepping ~*~*~tactically~*~*~ (hiding).
 35119 | Vaults:4 | 35119 ||| Stepping ~*~*~tactically~*~*~ (stealth).
 35128 | Vaults:4 | 35128 ||| READING scroll of enchant weapon.
 35128 | Vaults:4 | 35128 ||| ENCHANTING +4 vampiric broad axe.
 35149 | Vaults:4 | 35149 ||| FLEEEEING.
 35208 | Vaults:4 | 35208 ||| Stepping ~*~*~tactically~*~*~ (stealth).
 35341 | Vaults:4 | 35341 ||| INVOKING Heroism.
 35343 | Vaults:4 | 35343 ||| INVOKING Finesse.
 35351 | Vaults:4 | Reached XP level 20. HP: 104/134 MP: 20/27
 35483 | Vaults:4 | 35483 ||| INVOKING Finesse.
 35718 | Vaults:4 | 35718 ||| Stepping ~*~*~tactically~*~*~ (hiding).
 35805 | Vaults:4 | Found Pasechir's Antique Armour Shop.
 36340 | Vaults:4 | 36340 ||| Stepping ~*~*~tactically~*~*~ (hiding).
 36343 | Vaults:4 | Received a gift from Okawaru
 36344 | Vaults:4 | 36344 ||| Stepping ~*~*~tactically~*~*~ (hiding).
 36495 | Vaults:4 | 36495 ||| PLANNING SHOALS:4
 36495 | Vaults:4 | 36495 ||| UPGRADING to +4 ring of protection.
 36820 | Shoals:4 | Entered Level 4 of the Shoals
 36820 | Shoals:4 | Noticed Mara
 36821 | Shoals:4 | 36821 ||| INVOKING Heroism.
 36822 | Shoals:4 | 36822 ||| INVOKING Finesse.
 36831 | Shoals:4 | Noticed qw's illusion
 36840 | Shoals:4 | Killed Mara
 36841 | Shoals:4 | Reached skill level 18 in Fighting
 36841 | Shoals:4 | 36841 ||| Stepping ~*~*~tactically~*~*~ (hiding).
 36842 | Shoals:4 | 36842 ||| Stepping ~*~*~tactically~*~*~ (hiding).
 36848 | Shoals:4 | 36848 ||| Stepping ~*~*~tactically~*~*~ (hiding).
 36894 | Shoals:4 | 36894 ||| Stepping ~*~*~tactically~*~*~ (hiding).
 37004 | Shoals:4 | 37004 ||| Stepping ~*~*~tactically~*~*~ (hiding).
 37019 | Shoals:4 | 37019 ||| Stepping ~*~*~tactically~*~*~ (hiding).
 37134 | Shoals:4 | 37134 ||| Stepping ~*~*~tactically~*~*~ (hiding).
 37145 | Shoals:4 | 37145 ||| Stepping ~*~*~tactically~*~*~ (hiding).
 37156 | Shoals:4 | Identified the +7 broad axe of Mutilation {speed, Will+++
                  | Str-2 Int-3 Dex+5} (Okawaru gifted it to you on level 4 of
                  | the Shoals)
 37156 | Shoals:4 | Received a gift from Okawaru
 37159 | Shoals:4 | 37159 ||| Stepping ~*~*~tactically~*~*~ (hiding).
 37236 | Shoals:4 | 37236 ||| Stepping ~*~*~tactically~*~*~ (stealth).
 37238 | Shoals:4 | 37238 ||| Stepping ~*~*~tactically~*~*~ (stealth).
 37239 | Shoals:4 | 37239 ||| Stepping ~*~*~tactically~*~*~ (stealth).
 37298 | Shoals:4 | 37298 ||| DRINKING 17 potions of curing.
 37298 | Shoals:4 | 37298 ||| (to cure confusion)
 37333 | Shoals:4 | 37333 ||| READING scroll of enchant armour.
 37333 | Shoals:4 | 37333 ||| ENCHANTING +1 pair of gloves of strength.
 37342 | Shoals:4 | 37342 ||| UPGRADING to +7 broad axe of Mutilation {speed,
                  | Will+++ Str-2 Int-3 Dex+5}.
 37345 | Shoals:4 | 37345 ||| Stepping ~*~*~tactically~*~*~ (hiding).
 37362 | Shoals:4 | 37362 ||| Stepping ~*~*~tactically~*~*~ (stealth).
 37391 | Shoals:4 | 37391 ||| Stepping ~*~*~tactically~*~*~ (hiding).
 37395 | Shoals:4 | 37395 ||| Stepping ~*~*~tactically~*~*~ (hiding).
 37414 | Shoals:4 | 37414 ||| Stepping ~*~*~tactically~*~*~ (stealth).
 37421 | Shoals:4 | 37421 ||| Stepping ~*~*~tactically~*~*~ (hiding).
 37422 | Shoals:4 | 37422 ||| Stepping ~*~*~tactically~*~*~ (hiding).
 37448 | Shoals:4 | 37448 ||| Stepping ~*~*~tactically~*~*~ (hiding).
 37475 | Shoals:4 | Identified the +0 pair of gloves of Greater Demons {Drain
                  | rF+ rC+++ Int-3}
 37487 | Shoals:4 | 37487 ||| Stepping ~*~*~tactically~*~*~ (stealth).
 37529 | Shoals:4 | Got a barnacled rune of Zot
 37555 | Shoals:4 | Received a gift from Okawaru
 37576 | Shoals:4 | 37576 ||| Stepping ~*~*~tactically~*~*~ (hiding).
 37577 | Shoals:4 | 37577 ||| Stepping ~*~*~tactically~*~*~ (hiding).
 37603 | Shoals:4 | Reached skill level 6 in Dodging
 37635 | Shoals:4 | 37635 ||| Stepping ~*~*~tactically~*~*~ (hiding).
 37636 | Shoals:4 | 37636 ||| Stepping ~*~*~tactically~*~*~ (hiding).
 37637 | Shoals:4 | 37637 ||| Stepping ~*~*~tactically~*~*~ (hiding).
 37834 | Shoals:4 | 37834 ||| PLANNING DEPTHS
 37834 | Shoals:4 | 37834 ||| UPGRADING to +0 pair of gloves of Greater Demons
                  | {Drain rF+ rC+++ Int-3}.
 38138 | Depths:1 | Entered Level 1 of the Depths
 38153 | Depths:1 | 38153 ||| Stepping ~*~*~tactically~*~*~ (stealth).
 38160 | Depths:1 | Received a gift from Okawaru
 38165 | Depths:1 | Reached ****** piety under Okawaru
 38290 | Depths:1 | Found a sparkling altar of Nemelex Xobeh.
 38486 | Depths:1 | Found a gateway to Hell.
 38599 | Depths:1 | Identified the +7 hand axe "Neocu" {heavy, rF+}
 38608 | Depths:1 | 38608 ||| Stepping ~*~*~tactically~*~*~ (stealth).
 38649 | Depths:1 | Found a runed translucent door.
 38667 | Depths:1 | 38667 ||| INVOKING Heroism.
 38797 | Depths:1 | 38797 ||| Stepping ~*~*~tactically~*~*~ (stealth).
 38814 | Depths:1 | Reached XP level 21. HP: 141/141 MP: 28/28
 38863 | Depths:1 | 38863 ||| Stepping ~*~*~tactically~*~*~ (hiding).
 38866 | Depths:1 | 38866 ||| INVOKING Finesse.
 39311 | Depths:1 | Noticed qw's ghost (veteran GrFi)
 39313 | Depths:1 | 39313 ||| DROPPING ring of willpower.
 39328 | Depths:2 | Noticed Sojobo
 39329 | Depths:2 | 39329 ||| INVOKING Heroism.
 39330 | Depths:2 | 39330 ||| INVOKING Finesse.
 39336 | Depths:2 | Found a one-way gate to the infinite horrors of the Abyss.
 39355 | Depths:2 | Killed Sojobo
 39408 | Depths:2 | Noticed Saint Roka
 39445 | Depths:2 | Killed Saint Roka
 39473 | Depths:2 | Identified the +5 scale mail "Appih" {Fly Dex+4 Stlth+}
 39556 | Depths:2 | 39556 ||| INVOKING Heroism.
 39557 | Depths:2 | 39557 ||| INVOKING Finesse.
 39559 | Depths:2 | Identified the +0 chain mail of the Heron {rC+ Will+ Dex-5}
                  | (Okawaru gifted it to you on level 2 of the Depths)
 39559 | Depths:2 | Received a gift from Okawaru
 39622 | Depths:2 | 39622 ||| Stepping ~*~*~tactically~*~*~ (hiding).
 39622 | Depths:2 | Found Ipivva's Magic Scroll Shoppe.
 39625 | Depths:2 | 39625 ||| Stepping ~*~*~tactically~*~*~ (hiding).
 39638 | Depths:2 | 39638 ||| Stepping ~*~*~tactically~*~*~ (stealth).
 39639 | Depths:2 | 39639 ||| Stepping ~*~*~tactically~*~*~ (stealth).
 39641 | Depths:2 | 39641 ||| INVOKING Heroism.
 39642 | Depths:2 | 39642 ||| INVOKING Finesse.
 39683 | Depths:2 | 39683 ||| BUYING scroll of teleportation (39 gold).
 39683 | Depths:2 | Bought a scroll of teleportation for 39 gold pieces
 39683 | Depths:2 | 39683 ||| INVOKING Heroism.
 39684 | Depths:2 | 39684 ||| INVOKING Finesse.
 39766 | Depths:2 | Noticed Vv
 39767 | Depths:2 | 39767 ||| DRINKING 6 potions of resistance.
 39768 | Depths:2 | 39768 ||| INVOKING Heroism.
 39819 | Depths:2 | Killed Vv
 39820 | Depths:2 | Reached skill level 19 in Fighting
 39833 | Depths:2 | 39833 ||| INVOKING Heroism.
 39872 | Depths:2 | 39872 ||| Stepping ~*~*~tactically~*~*~ (stealth).
 39878 | Depths:2 | 39878 ||| Stepping ~*~*~tactically~*~*~ (stealth).
 39887 | Depths:2 | 39887 ||| Stepping ~*~*~tactically~*~*~ (stealth).
 40089 | Depths:2 | 40089 ||| Stepping ~*~*~tactically~*~*~ (stealth).
 40090 | Depths:2 | 40090 ||| INVOKING Heroism.
 40176 | Depths:2 | 40176 ||| INVOKING Heroism.
 40200 | Depths:2 | Found the +8 storm bow {elec, penet}
 40209 | Depths:2 | Identified the ring of Fatigue {*Slow rC+ rCorr Int+3}
 40307 | Depths:2 | You are sucked into a shaft and drop 2 floors!
 40307 | Depths:4 | Entered Level 4 of the Depths
 40337 | Depths:4 | Noticed a caustic shrike
 40338 | Depths:4 | 40338 ||| INVOKING Heroism.
 40340 | Depths:4 | Noticed a caustic shrike
 40342 | Depths:4 | Noticed a caustic shrike
 40344 | Depths:4 | Killed a caustic shrike
 40345 | Depths:4 | Reached skill level 9 in Dodging
 40352 | Depths:4 | Killed a caustic shrike
 40358 | Depths:4 | Killed a caustic shrike
 40384 | Depths:3 | Noticed a golden dragon
 40385 | Depths:3 | 40385 ||| INVOKING Heroism.
 40398 | Depths:3 | Killed a golden dragon
 40447 | Depths:3 | Found a corrupted altar of Lugonu.
 40533 | Depths:2 | 40533 ||| INVOKING Heroism.
 40680 | Depths:2 | Found a one-way gate leading to the halls of Pandemonium.
 40681 | Depths:2 | 40681 ||| Stepping ~*~*~tactically~*~*~ (hiding).
 40967 | Depths:3 | 40967 ||| Stepping ~*~*~tactically~*~*~ (hiding).
 41183 | Depths:3 | 41183 ||| Stepping ~*~*~tactically~*~*~ (hiding).
 41197 | Depths:3 | 41197 ||| INVOKING Heroism.
 41200 | Depths:3 | 41200 ||| Stepping ~*~*~tactically~*~*~ (hiding).
 41230 | Depths:3 | 41230 ||| Stepping ~*~*~tactically~*~*~ (hiding).
 41366 | Depths:3 | 41366 ||| Stepping ~*~*~tactically~*~*~ (hiding).
 41402 | Depths:3 | Found a one-way gateway to a ziggurat.
 41445 | Depths:3 | 41445 ||| INVOKING Heroism.
 41666 | Depths:3 | Noticed an ancient lich
 41667 | Depths:3 | 41667 ||| INVOKING Heroism.
 41681 | Depths:3 | Killed an ancient lich
 42004 | Depths:4 | Reached XP level 22. HP: 148/150 MP: 29/29
 42038 | Depths:4 | 42038 ||| Stepping ~*~*~tactically~*~*~ (hiding).
 42039 | Depths:4 | 42039 ||| Stepping ~*~*~tactically~*~*~ (hiding).
 42076 | Depths:4 | Received a gift from Okawaru
 42148 | Depths:4 | 42148 ||| INVOKING Heroism.
 42149 | Depths:4 | 42149 ||| INVOKING Finesse.
 42267 | Depths:4 | Reached skill level 20 in Fighting
 42292 | Depths:4 | Identified the +9 dagger of the Other Side {heavy, Str+2
                  | Dex+3 Stlth-}
 42293 | Depths:4 | 42293 ||| Stepping ~*~*~tactically~*~*~ (hiding).
 42328 | Depths:4 | Found a gate to the Realm of Zot.
 42328 | Depths:4 | Noticed a golden dragon
 42329 | Depths:4 | 42329 ||| Stepping ~*~*~tactically~*~*~ (hiding).
 42340 | Depths:4 | 42340 ||| INVOKING Heroism.
 42360 | Depths:4 | 42360 ||| INVOKING Finesse.
 42365 | Depths:4 | Received a gift from Okawaru
 42380 | Depths:4 | Killed a golden dragon
 42405 | Depths:4 | 42405 ||| Stepping ~*~*~tactically~*~*~ (stealth).
 42407 | Depths:4 | 42407 ||| INVOKING Heroism.
 42422 | Depths:4 | Received a gift from Okawaru
 42512 | Depths:4 | 42512 ||| Stepping ~*~*~tactically~*~*~ (stealth).
 42517 | Depths:4 | 42517 ||| Stepping ~*~*~tactically~*~*~ (hiding).
 42543 | Depths:4 | 42543 ||| Stepping ~*~*~tactically~*~*~ (hiding).
 42545 | Depths:4 | 42545 ||| Stepping ~*~*~tactically~*~*~ (hiding).
 42547 | Depths:4 | 42547 ||| INVOKING Heroism.
 42578 | Depths:4 | Found a runed translucent gate.
 42578 | Depths:4 | Found a runed translucent gate.
 42578 | Depths:4 | Found a runed translucent gate.
 42579 | Depths:4 | Noticed qw's ghost (veteran GrHu)
 42735 | Depths:4 | 42735 ||| DROPPING ring of fire.
 42736 | Depths:4 | 42736 ||| PLANNING VAULTS:5
 43002 | Vaults:5 | Entered Level 5 of the Vaults
 43010 | Vaults:5 | 43010 ||| STAIRDANCE
 43021 | Vaults:4 | Reached skill level 18 in Armour
 43047 | Vaults:5 | Received a gift from Okawaru
 43048 | Vaults:5 | 43048 ||| STAIRDANCE
 43084 | Vaults:5 | 43084 ||| STAIRDANCE
 43089 | Vaults:4 | Received a gift from Okawaru
 43129 | Vaults:5 | 43129 ||| INVOKING Heroism.
 43132 | Vaults:5 | Reached skill level 21 in Shields
 43160 | Vaults:5 | 43160 ||| STAIRDANCE
 43252 | Vaults:5 | 43252 ||| INVOKING Heroism.
 43272 | Vaults:5 | 43272 ||| INVOKING Finesse.
 43280 | Vaults:5 | Received a gift from Okawaru
 43283 | Vaults:5 | 43283 ||| INVOKING Heroism.
 43331 | Vaults:5 | Received a gift from Okawaru
 43362 | Vaults:5 | Reached skill level 21 in Fighting
 43469 | Vaults:5 | 43469 ||| Stepping ~*~*~tactically~*~*~ (hiding).
 43472 | Vaults:5 | 43472 ||| Stepping ~*~*~tactically~*~*~ (hiding).
 43473 | Vaults:5 | 43473 ||| INVOKING Heroism.
 43478 | Vaults:5 | 43478 ||| Stepping ~*~*~tactically~*~*~ (hiding).
 43481 | Vaults:5 | 43481 ||| Stepping ~*~*~tactically~*~*~ (hiding).
 43489 | Vaults:5 | 43489 ||| Stepping ~*~*~tactically~*~*~ (hiding).
 43614 | Vaults:5 | Noticed a golden dragon
 43615 | Vaults:5 | 43615 ||| Stepping ~*~*~tactically~*~*~ (hiding).
 43620 | Vaults:5 | 43620 ||| INVOKING Heroism.
 43625 | Vaults:5 | Killed a golden dragon
 43628 | Vaults:5 | 43628 ||| Stepping ~*~*~tactically~*~*~ (stealth).
 43629 | Vaults:5 | 43629 ||| Stepping ~*~*~tactically~*~*~ (stealth).
 43630 | Vaults:5 | 43630 ||| Stepping ~*~*~tactically~*~*~ (stealth).
 43694 | Vaults:5 | 43694 ||| Stepping ~*~*~tactically~*~*~ (hiding).
 43695 | Vaults:5 | 43695 ||| Stepping ~*~*~tactically~*~*~ (hiding).
 43696 | Vaults:5 | 43696 ||| Stepping ~*~*~tactically~*~*~ (hiding).
 43697 | Vaults:5 | 43697 ||| Stepping ~*~*~tactically~*~*~ (hiding).
 43698 | Vaults:5 | 43698 ||| INVOKING Heroism.
 43736 | Vaults:5 | Reached skill level 12 in Throwing
 43737 | Vaults:5 | Identified the +7 chain mail "Zepros" {Int+2}
 43745 | Vaults:5 | Reached XP level 23. HP: 97/160 MP: 30/30
 43756 | Vaults:5 | 43756 ||| INVOKING Finesse.
 43863 | Vaults:5 | 43863 ||| Stepping ~*~*~tactically~*~*~ (stealth).
 43864 | Vaults:5 | 43864 ||| Stepping ~*~*~tactically~*~*~ (stealth).
 43868 | Vaults:5 | 43868 ||| Stepping ~*~*~tactically~*~*~ (stealth).
 43869 | Vaults:5 | 43869 ||| Stepping ~*~*~tactically~*~*~ (stealth).
 43956 | Vaults:5 | 43956 ||| Stepping ~*~*~tactically~*~*~ (hiding).
 43971 | Vaults:5 | 43971 ||| INVOKING Heroism.
 43986 | Vaults:5 | Noticed an ancient lich
 43987 | Vaults:5 | 43987 ||| Stepping ~*~*~tactically~*~*~ (hiding).
 44004 | Vaults:5 | Killed an ancient lich
 44117 | Vaults:5 | 44117 ||| INVOKING Finesse.
 44191 | Vaults:5 | 44191 ||| INVOKING Heroism.
 44194 | Vaults:5 | 44194 ||| Stepping ~*~*~tactically~*~*~ (stealth).
 44244 | Vaults:5 | 44244 ||| Stepping ~*~*~tactically~*~*~ (hiding).
 44273 | Vaults:5 | 44273 ||| INVOKING Heroism.
 44316 | Vaults:5 | 44316 ||| Stepping ~*~*~tactically~*~*~ (hiding).
 44323 | Vaults:5 | 44323 ||| Stepping ~*~*~tactically~*~*~ (hiding).
 44349 | Vaults:5 | 44349 ||| Stepping ~*~*~tactically~*~*~ (stealth).
 44355 | Vaults:5 | 44355 ||| READING 3 scrolls of acquirement.
 44355 | Vaults:5 | 44355 ||| ACQUIRING 653 gold pieces
 44355 | Vaults:5 | Acquired 653 gold pieces
 44356 | Vaults:5 | 44356 ||| READING 2 scrolls of acquirement.
 44356 | Vaults:5 | 44356 ||| ACQUIRING 957 gold pieces
 44356 | Vaults:5 | Acquired 957 gold pieces
 44357 | Vaults:5 | 44357 ||| READING scroll of acquirement.
 44357 | Vaults:5 | 44357 ||| ACQUIRING +0 kite shield "Baunayrch" {rCorr Int+4
                  | Dex-2 Stlth+}
 44357 | Vaults:5 | Acquired the +0 kite shield "Baunayrch" {rCorr Int+4 Dex-2
                  | Stlth+}
 44389 | Vaults:5 | 44389 ||| Stepping ~*~*~tactically~*~*~ (hiding).
 44394 | Vaults:5 | 44394 ||| INVOKING Heroism.
 44401 | Vaults:5 | Received a gift from Okawaru
 44423 | Vaults:5 | 44423 ||| Stepping ~*~*~tactically~*~*~ (stealth).
 44425 | Vaults:5 | 44425 ||| Stepping ~*~*~tactically~*~*~ (stealth).
 44444 | Vaults:5 | Identified the +11 arbalest of Hubris {elec, Int+5 Dex-3
                  | SInv}
 44445 | Vaults:5 | Identified the +1 robe of Omission {rPois}
 44446 | Vaults:5 | Identified the staff of cold "Yrphikil" {rElec rC+ Dex+3
                  | SInv}
 44549 | Vaults:5 | 44549 ||| Stepping ~*~*~tactically~*~*~ (hiding).
 44553 | Vaults:5 | 44553 ||| INVOKING Heroism.
 44566 | Vaults:5 | 44566 ||| Stepping ~*~*~tactically~*~*~ (hiding).
 44606 | Vaults:5 | 44606 ||| INVOKING Finesse.
 44607 | Vaults:5 | Noticed a golden dragon
 44614 | Vaults:5 | 44614 ||| INVOKING Heroism.
 44634 | Vaults:5 | Killed a golden dragon
 44676 | Vaults:5 | 44676 ||| Stepping ~*~*~tactically~*~*~ (hiding).
 44830 | Vaults:5 | 44830 ||| INVOKING Heroism.
 44910 | Vaults:5 | Got a silver rune of Zot
 45069 | Vaults:5 | 45069 ||| Stepping ~*~*~tactically~*~*~ (hiding).
 45071 | Vaults:5 | 45071 ||| INVOKING Heroism.
 45092 | Vaults:5 | 45092 ||| READING scroll of acquirement.
 45092 | Vaults:5 | 45092 ||| ACQUIRING 943 gold pieces
 45092 | Vaults:5 | Acquired 943 gold pieces
 45110 | Vaults:5 | Identified the staff of death "Kagefauc" {rPois rC- rN+
                  | Will+ SInv}
 45201 | Vaults:5 | 45201 ||| PLANNING SHOPPING SPREE
 45201 | Vaults:5 | 45201 ||| DROPPING +1 helmet of intelligence.
 45202 | Vaults:5 | 45202 ||| UPGRADING to amulet of faith.
 45212 | Vaults:5 | 45212 ||| UPGRADING to +5 ring of evasion.
 45214 | Vaults:5 | 45214 ||| DROPPING +4 ring of protection.
 45682 | D:1      | 45682 ||| BUYING scroll of enchant armour (75 gold).
 45682 | D:1      | Bought a scroll of enchant armour for 75 gold pieces
 45682 | D:1      | 45682 ||| BUYING scroll of enchant armour (75 gold).
 45682 | D:1      | Bought a scroll of enchant armour for 75 gold pieces
 45682 | D:1      | 45682 ||| BUYING scroll of teleportation (30 gold).
 45682 | D:1      | Bought a scroll of teleportation for 30 gold pieces
 45721 | D:1      | 45721 ||| BUYING 2 potions of heal wounds (120 gold).
 45721 | D:1      | Bought 2 potions of heal wounds for 120 gold pieces
 45721 | D:1      | 45721 ||| BUYING potion of attraction (36 gold).
 45721 | D:1      | Bought a potion of attraction for 36 gold pieces
 45721 | D:1      | 45721 ||| BUYING potion of curing (36 gold).
 45721 | D:1      | Bought a potion of curing for 36 gold pieces
 45721 | D:1      | 45721 ||| BUYING potion of curing (36 gold).
 45721 | D:1      | Bought a potion of curing for 36 gold pieces
 45721 | D:1      | 45721 ||| BUYING potion of curing (36 gold).
 45721 | D:1      | Bought a potion of curing for 36 gold pieces
 45721 | D:1      | 45721 ||| BUYING potion of haste (120 gold).
 45721 | D:1      | Bought a potion of haste for 120 gold pieces
 45721 | D:1      | 45721 ||| BUYING potion of heal wounds (60 gold).
 45721 | D:1      | Bought a potion of heal wounds for 60 gold pieces
 45721 | D:1      | 45721 ||| BUYING potion of magic (96 gold).
 45721 | D:1      | Bought a potion of magic for 96 gold pieces
 45721 | D:1      | 45721 ||| BUYING potion of resistance (120 gold).
 45721 | D:1      | Bought a potion of resistance for 120 gold pieces
 45778 | D:3      | 45778 ||| BUYING scroll of teleportation (36 gold).
 45778 | D:3      | Bought a scroll of teleportation for 36 gold pieces
 45778 | D:3      | 45778 ||| BUYING scroll of teleportation (36 gold).
 45778 | D:3      | Bought a scroll of teleportation for 36 gold pieces
 45830 | D:1      | 45830 ||| BUYING +2 helmet of see invisible (301 gold).
 45830 | D:1      | Bought a +2 helmet of see invisible for 301 gold pieces
 45830 | D:1      | 45830 ||| UPGRADING to +2 helmet of see invisible.
 45840 | D:1      | 45840 ||| DROPPING +2 helmet.
 45975 | D:7      | 45975 ||| BUYING amulet "Wuegiysk" {Faith Regen+ Str+2
                  | Stlth+} (810 gold).
 45975 | D:7      | Bought the amulet "Wuegiysk" {Faith Regen+ Str+2 Stlth+}
                  | for 810 gold pieces
 45975 | D:7      | 45975 ||| BUYING ring of protection from cold (375 gold).
 45975 | D:7      | Bought a ring of protection from cold for 375 gold pieces
 45975 | D:7      | 45975 ||| UPGRADING to amulet "Wuegiysk" {Faith Regen+
                  | Str+2 Stlth+}.
 45985 | D:7      | 45985 ||| DROPPING amulet of reflection.
 45986 | D:7      | 45986 ||| DROPPING amulet of faith.
 45987 | D:7      | 45987 ||| DROPPING ring of ice.
 45988 | D:7      | 45988 ||| PLANNING ZOT:1-4
 46291 | Zot:1    | Entered Level 1 of the Realm of Zot
 46294 | Zot:1    | Noticed a golden dragon
 46295 | Zot:1    | 46295 ||| INVOKING Heroism.
 46313 | Zot:1    | Reached skill level 22 in Fighting
 46329 | Zot:1    | Killed a golden dragon
 46331 | Zot:1    | Noticed a golden dragon
 46347 | Zot:1    | Received a gift from Okawaru
 46352 | Zot:1    | HP: 37/162 [constriction (5)]
 46353 | Zot:1    | 46353 ||| READING 20 scrolls of teleportation.
 46354 | Zot:1    | 46354 ||| DRINKING 13 potions of heal wounds.
 46354 | Zot:1    | HP: 15/162 [golden dragon (32)]
 46354 | Zot:1    | Slain by a golden dragon

Levels and vault maps discovered:
D:1:      dpeg_arrival_rooms_b, layout_rooms, serial_shops, nicolae_square_shop,
          nicolae_shop_rolled_up, shop, shop, kennysheep_pointless_box
D:2:      layout_loops_ring, serial_shops, nicolae_shop_peninsula,
          nrook_mini_vaults, uniq_natasha
D:3:      layout_basic, serial_shops, nicolae_shop_just_a_little_nook,
          uniq_grinder
D:4:      layout_basic, gammafunk_ghost_mausoleum, kennysheep_minor_cross
D:5:      layout_cave_pools, nicolae_overflow_hallway_of_the_gods,
          minmay_temple_entry_nine_rooms, serial_gnoll_camp,
          gnoll_camp_huts_moat, gnoll_camp_mini_hut, gnoll_camp_mini_hut,
          gnoll_camp_mini_hut, gnoll_camp_mini_hut, gnoll_camp_mini_doghouse
D:6:      minmay_evil_eye, layout_cave_pools
D:7:      layout_basic, serial_shops, shop
D:8:      layout_loops_ring, minmay_quadrilaterals, uniq_prince_ribbit1,
          uniq_erica, uniq_maggie
D:9:      layout_basic, nicolae_overflow_crystal_walls, erik_orc_1,
          serial_aquarium, aquarium_bridge_square [aquarium_subvault_wall,
          aquarium_subvault_bridge, aquarium_subvault_wall,
          aquarium_subvault_bridge], aquarium_bridge_square
          [aquarium_subvault_window, aquarium_subvault_balcony,
          aquarium_subvault_wall, aquarium_subvault_bridge], aquarium_window_1,
          aquarium_window_fake, aquarium_window_fake, aquarium_window_fake,
          aquarium_view_2e, aquarium_balcony_1b, aquarium_pool_1
D:10:     layout_basic, nicolae_ru_awakened_eye,
          nicolae_elyvilon_peaceful_grove, grunt_ministairs_5,
          dk_rats_in_the_wall
D:11:     layout_stronghold, david_lair_shrubbed
D:12:     layout_roguey, kennysheep_generic_room_15
D:13:     layout_roguey, nzn_wu_jian_contemplation
D:14:     layout_cave_pools, erik_vaults_1, serial_shops, shop_statue,
          minivault_11, portal_ice_cave_entry_frozen_things,
          gauntlet_entry_generic
D:15:     hangedman_spin_cycle
Temple:   eino_narrow_crystal_temple
Lair:1:   layout_loops_ring, enter_volcano_3, infiniplex_staircase_pool_2,
          serial_bayou_shore_a, grunt_megastairs_5
Lair:2:   layout_gridlike, minmay_shoals_entry_lonely_mermaid
Lair:3:   layout_regular_city, nicolae_spider_entry_tight_spaces
Lair:4:   layout_gridlike, slime_entry_1, gammafunk_ghost_arena, basic_altar
Lair:5:   hangedman_lair_in_review, layout_loops_ring, serial_bayou_shore_b
Shoals:1: nicolae_shoals_offshore_bank_account, layout_shoals,
          nicolae_shoals_square_sea_wall, uniq_jorgrun
Shoals:2: layout_shoals, uniq_ilsuiw
Shoals:3: layout_shoals, uniq_polyphemus, uniq_roxanne
Shoals:4: shoals_end_hellmonk_lost_city, uniq_mara
Spider:1: layout_spider_delve, drop_trap, nicolae_spider_webs_and_nodes
Spider:2: layout_cave_pods
Spider:3: layout_spider_delve, gammafunk_ghost_arena, uniq_kirke, uniq_donald,
          uniq_bai_suzhen
Spider:4: guppyfry_spider_rune
Orc:1:    layout_caves, serial_shops, uniq_erolcha
Orc:2:    st_orc_town, layout_caves
Vaults:1: nicolae_vaults_trapezoid_1, v_pattern_4,
          nicolae_vaults_offset_grid_hallway_4, grunt_vaults_hallway_short,
          nicolae_vaults_taking_the_gang_shopping,
          ontoclasm_vaults_loading_screen, nicolae_vaults_surprise_closet_hard,
          layout_vaults_chaotic_city
Vaults:2: nicolae_vaults_octothorpe, v_misc_22, nicolae_vaults_theta,
          hangedman_vaults_trim, nicolae_vaults_closet_pinwheel_1,
          layout_vaults_quadrants
Vaults:3: blue_anna_dwarven_crypt, nicolae_vaults_trapezoid_lopsided_2,
          nicolae_vaults_tetromino_Z_1, nicolae_vaults_trapezoid_3, v_misc_28,
          nicolae_vaults_lightning_bolt, nicolae_vaults_yaktaur_gun_rack,
          nicolae_vaults_network_quinsquares
          [nicolae_vaults_network_quincunx_subvault,
          nicolae_vaults_network_quincunx_subvault,
          nicolae_vaults_network_quincunx_subvault,
          nicolae_vaults_network_quincunx_subvault], grunt_vaults_funnel,
          hangedman_vaults_nodes, nicolae_vaults_layer_cake_slice,
          dpeg_vaults_monster_box, nicolae_vaults_offset_grid_hallway_2,
          layout_vaults_maze, serial_shops, bzr_firewalk, uniq_margery
Vaults:4: vaults_mumra_minichess_inversion, nicolae_vaults_mitosis,
          hangedman_vaults_maws, vaults_dpeg_diagonal, hangedman_vaults_cutoff,
          nicolae_vaults_little_squares_4, ontoclasm_vaults_spin,
          ontoclasm_vaults_ring_small, v_rooms_5,
          nicolae_vaults_little_squares_1, nicolae_vaults_tetromino_Z_1,
          nicolae_vaults_shelves_hall, ontoclasm_vaults_hangar,
          nicolae_vaults_house_2, layout_vaults_omnicross, serial_shops, shop
Vaults:5
Depths:1: layout_basic, ebering_ghost_reflecting_pool, serial_glass,
          glass_columns_a, glass_columns_b, glass_columns_b, glass_columns_a,
          glass_columns_a, glass_columns_a, glass_columns_b, glass_columns_b,
          glass_columns_a, glass_columns_b, hangedman_coc_ice_floe,
          chequers_serial_rivers_small_a, kennysheep_big_empty_room,
          minmay_misc_feat_rows, nemelex_lonely_heart_becter
Depths:2: grunt_double_whammy, layout_cave_pools, serial_shops, shop,
          nicolae_concentric_dashed_squares_mild, serial_column_ruins,
          column_ruins_portal_squares, column_ruins_hut,
          column_ruins_hut_ruined, column_ruins_grid_1, column_ruins_open_tiny,
          column_ruins_corridor_straight, column_ruins_columns_straight,
          abyss_entry, hell_entry, rand_demon_pan_entry_8, uniq_sojobo,
          uniq_saint_roka, uniq_vv
Depths:3: nzn_winding_woodlands_three_and_one
          [nzn_winding_woodlands_5x15_split_checker,
          nzn_winding_woodlands_5x15_default, nzn_winding_woodlands_5x15_jagged,
          nzn_winding_woodlands_center_diamonds], layout_gridlike,
          enter_ziggurat_d, abyss_entry_flame_altar, hell_entry
Depths:4: grunt_zot_entry_tricorne, layout_cave_pools,
          ebering_ghost_rock_garden, hell_entry, abyss_entry,
          grunt_decor_arrowhead, st_stairs_13
Zot:1:    ebering_klown_carousel, layout_onion_interference,
          nicolae_rock_paper_scissors, uniq_tiamat

Skill      XL: |  1  2  3  4  5  6  7  8  9 10 11 12 13 14 15 16 17 18 19 20 21 22 23 |
---------------+----------------------------------------------------------------------+-----
Axes           | 2 3 4 6 7 8 10 11 12 13 15 16 17 18 | 18.0
Fighting       | 4 5 6 7 9 10 11 12 13 15 17 18 19 21 22 | 22.0
Dodging        | 1 2 3 5 7 9 10 | 10.0
Armour         | 4 5 6 8 9 10 11 12 14 15 17 18 19 | 19.0
Invocations    | 4 9 10 | 10.0
Shields        | 4 5 6 7 8 12 13 14 15 18 19 20 21 | 21.3
Throwing       | 1 2 5 7 8 9 10 11 12 | 12.0

Action                     |  1- 3 |  4- 6 |  7- 9 | 10-12 | 13-15 | 16-18 | 19-21 | 22-24 || total
---------------------------+-------+-------+-------+-------+-------+-------+-------+-------++-------
  Melee: War axe           |    58 |    47 |       |       |       |       |       |       ||   105
         Broad axe         |       |    48 |   203 |   347 |   732 |  1456 |  1509 |   861 ||  5156
         Mace              |       |       |       |       |   167 |       |       |       ||   167
         Morningstar       |       |       |       |       |       |    18 |       |       ||    18
  Throw: Boomerang         |       |       |    17 |    59 |    86 |    24 |       |       ||   186
         Javelin           |       |       |       |       |    13 |   202 |   202 |    53 ||   470
 Invoke: Heroism           |       |       |     8 |    23 |    28 |    34 |    19 |    19 ||   131
         Finesse           |       |       |       |     1 |    11 |     4 |    10 |     6 ||    32
    Use: Scroll            |     4 |     6 |     7 |    12 |    13 |     5 |     4 |     5 ||    56
         Potion            |       |       |     3 |     1 |     2 |     3 |     2 |     1 ||    12
   Stab: Petrified         |       |       |       |       |     3 |     6 |       |       ||     9
         Held in net/web   |       |       |       |       |       |     1 |       |       ||     1
         Petrifying        |       |       |       |       |       |     2 |       |       ||     2
         Distracted        |       |       |       |       |       |       |       |     3 ||     3
 Armour: Scale mail        |    32 |    21 |       |       |       |    33 |    49 |       ||   135
         Ring mail         |       |     1 |    10 |       |       |       |       |       ||    11
         Plate armour      |       |       |   103 |   143 |   362 |   643 |       |       ||  1251
         Pearl dragon scal |       |       |       |       |       |       |   192 |   194 ||   386
  Dodge: Dodged            |    31 |    52 |   134 |   119 |   267 |   647 |   274 |   232 ||  1756
         Repelled          |       |       |       |       |     4 |    10 |    16 |    15 ||    45
  Block: Buckler           |    15 |    13 |    58 |   155 |   245 |       |       |       ||   486
         Reflection        |       |       |     3 |     3 |    29 |    53 |    87 |    27 ||   202
         Kite shield       |       |       |       |       |   160 |  1254 |   116 |       ||  1530
         Tower shield      |       |       |       |       |       |       |  1041 |   759 ||  1800

Table legend:
 A = Non-vault XP
 B = Vault XP
 C = Vault XP percentage of total XP
 D = Non-vault monster count
 E = Vault monster count
 F = Vault count percentage of total count
                 A         B        C        D         E       F
            +---------+---------+-------+---------+---------+-------
      Total |  437020 |  357264 |  45.0 |    1043 |     531 |  33.7
            +---------+---------+-------+---------+---------+-------
        D:1 |      24 |       0 |   0.0 |      12 |       0 |   0.0
        D:2 |     111 |     321 |  74.3 |      29 |       2 |   6.5
        D:3 |     142 |       0 |   0.0 |      21 |       0 |   0.0
        D:4 |     389 |       0 |   0.0 |      27 |       0 |   0.0
        D:5 |     777 |     366 |  32.0 |      16 |      17 |  51.5
        D:6 |     730 |      90 |  11.0 |      15 |       1 |   6.2
        D:7 |     509 |       0 |   0.0 |      11 |       0 |   0.0
        D:8 |     700 |    1535 |  68.7 |      14 |       8 |  36.4
        D:9 |    2603 |     582 |  18.3 |      28 |      17 |  37.8
       D:10 |    1843 |     908 |  33.0 |      10 |       2 |  16.7
       D:11 |    1940 |     361 |  15.7 |      10 |       1 |   9.1
       D:12 |    4776 |     519 |   9.8 |      25 |       1 |   3.8
       D:13 |    7893 |       0 |   0.0 |      22 |       0 |   0.0
       D:14 |    6903 |    2735 |  28.4 |      10 |       5 |  33.3
       D:15 |       0 |   47139 | 100.0 |       0 |      80 | 100.0
     Lair:1 |    4840 |    2027 |  29.5 |      19 |      10 |  34.5
     Lair:2 |    7494 |     466 |   5.9 |      27 |       1 |   3.6
     Lair:3 |    9155 |     806 |   8.1 |      29 |       4 |  12.1
     Lair:4 |    7449 |       0 |   0.0 |      26 |       0 |   0.0
     Lair:5 |   13419 |   10407 |  43.7 |      30 |      21 |  41.2
   Shoals:1 |   18468 |    1850 |   9.1 |      34 |       1 |   2.9
   Shoals:2 |   14430 |    3307 |  18.6 |      34 |       4 |  10.5
   Shoals:3 |   19454 |    5338 |  21.5 |      39 |       5 |  11.4
   Shoals:4 |    4625 |   31376 |  87.2 |      11 |      41 |  78.8
   Spider:1 |    8129 |     218 |   2.6 |      25 |       1 |   3.8
   Spider:2 |   17500 |       0 |   0.0 |      42 |       0 |   0.0
   Spider:3 |    8884 |    6448 |  42.1 |      24 |       6 |  20.0
   Spider:4 |   16606 |   18844 |  53.2 |      38 |      32 |  45.7
      Orc:1 |    5096 |     861 |  14.5 |      48 |       1 |   2.0
      Orc:2 |    2099 |    9079 |  81.2 |      34 |      57 |  62.6
   Vaults:1 |   23036 |    7153 |  23.7 |      45 |       9 |  16.7
   Vaults:2 |   21548 |    2988 |  12.2 |      33 |       4 |  10.8
   Vaults:3 |   20693 |   11338 |  35.4 |      26 |      16 |  38.1
   Vaults:4 |   27437 |   41735 |  60.3 |      38 |      49 |  56.3
   Vaults:5 |   38681 |   85114 |  68.8 |      52 |      72 |  58.1
   Depths:1 |   26578 |       0 |   0.0 |      35 |       0 |   0.0
   Depths:2 |   18094 |   31083 |  63.2 |      23 |      33 |  58.9
   Depths:3 |   24046 |   12286 |  33.8 |      32 |       9 |  22.0
   Depths:4 |   35296 |   18145 |  34.0 |      36 |      16 |  30.8
      Zot:1 |   14623 |       0 |   0.0 |      13 |       0 |   0.0
   Gauntlet |       0 |    1839 | 100.0 |       0 |       5 | 100.0
            +---------+---------+-------+---------+---------+-------
